 BcadrenCrawl: Boulder Brew version 0.04.11-12-g2372ce9741 (webtiles) character file.

Game seed: 6842536041696126108, levelgen mode: deterministic

17953809 MisterOstroum the Trollish Catapult (level 27, 326/326 HPs) Troll Centaur. Began on Mar 24, 2021. Was the Champion of the Shining One. Escaped with the Orb ... and 15 runes on Apr 16, 2021! The game lasted 06:22:48 (86166 turns).

MisterOstroum the Trollish Catapult (TrCe)         Turns: 86166, Time: 06:22:49

Health: 326/326    AC: 49    Str: 45    XL:     27
Magic:  39/39      EV: 14    Int:  8    God:    the Shining One [6* [185]]
Gold:   7112       SH: 34    Dex: 22    Spells: 26/26 levels left

rFire    + + .     Vision   .   a - +3 sling "Punk" {holy, rCorr}
rCold    + + .     Gourm    +   g - +8 scutum of Undesirable Species {+Blink rPois MR+ Stlth+}
rNeg     + + +     Faith    .   V - +12 gold dragon scales {Str+3}
rPois    +         Spirit   +   X - +2 hat {MR+}
rElec    +         Reflect  +   K - scarf {Spirit}
rCorr    +         Harm     .   (gloves unavailable)
MR       ++++.                  n - +6 centaur barding of the Unseen Realm {rF+ Dex+4 Stlth-}
Stlth    ..........             q - amulet of reflection
HPRegen  1.98/turn              M - ring "Pihojas" {rElec rN+ Dex+7}
MPRegen  0.49/turn              m - ring "Pemomur" {rC+ Str+5 Dex+4}

@: glowing, very quick
A: very large, unfitting armour, beak, claws 3, hooves 3, yellow scales 1,
clumsy 1, deformed body, speed 2, fast metabolism 3, gourmand, regeneration 2,
shaggy fur 1, tough skin 3, sturdy frame 1, AC +3
0: Orb of Zot
}: 15/15 runes: decaying, serpentine, silver, golden, iron, obsidian, icy, bone,
abyssal, demonic, glowing, magical, fiery, dark, cracked
a: Divine Shield, Cleansing Flame, Summon Divine Warrior, Renounce Religion,
Evoke Blink


You escaped.
You worshipped the Shining One.
The Shining One was exalted by your worship.
You were completely stuffed.

You visited 18 branches of the dungeon, and saw 81 of its levels.
You visited Pandemonium 1 time, and saw 21 of its levels.
You visited the Abyss 4 times.
You also visited: Trove, Ice Cave, Volcano and Wizlab.

You collected 18195 gold pieces.
You spent 8966 gold pieces at shops.
You donated 2117 gold pieces to Zin.

Inventory:

Weapons
 a - the +3 sling "Punk" (weapon) {holy, rCorr}
   (You bought it in a shop on level 2 of the Orcish Mines)

   It has been blessed by the Shining One, and any sling bullet fired from it
   will cause great damage to the undead and demons.
   It provides partial protection from all sources of acid and corrosion.
 d - a +9 mangonel of velocity Shields
 c - a +13 scutum of protection
 g - the +8 scutum of Undesirable Species (shield) {+Blink rPois MR+ Stlth+}
   (Okawaru gifted it to you on level 1 of the Depths)

   Base shield rating: 13 Skill to remove penalty: 5.0 It protects you from
   poison.
   It affects your resistance to hostile enchantments.
   It lets you blink.
   It makes you more stealthy.
Armour
 n - the +6 centaur barding of the Unseen Realm (worn) {rF+ Dex+4 Stlth-}
   (Okawaru gifted it to you on level 4 of the Swamp)

   It affects your dexterity (+4).
   It protects you from fire.
   It makes you less stealthy.
 K - a scarf of spirit shield (worn)
 V - +12 gold dragon scales of strength (worn)
 X - a +2 hat of magic resistance (worn)
Jewellery
 l - the ring of Phasing {EV+8 Dex+5}
   (You found it on level 7 of Gehenna)

   [ring of dexterity]

   It affects your evasion (+8).
   It affects your dexterity (+5).
 m - the ring "Pemomur" (right claw) {rC+ Str+5 Dex+4}
   (You found it on level 5 of the Depths)

   [ring of strength]

   It affects your strength (+5).
   It affects your dexterity (+4).
   It protects you from cold.
 q - an amulet of reflection (around neck)
 x - an uncursed ring of resist corrosion
 A - the ring of the Raven {rPois rN+ Int+4 Dex+7 Stlth-}
   (You found it on level 7 of Cocytus)

   [ring of poison resistance]

   It affects your intelligence (+4).
   It affects your dexterity (+7).
   It protects you from poison.
   It protects you from negative energy.
   It makes you less stealthy.
 B - the ring of Robustness {AC+8 Str+5}
   (You took it off a scintillating draconian on level 3 of the Realm of Zot)

   [ring of strength]

   It affects your AC (+8).
   It affects your strength (+5).
 M - the ring "Pihojas" (left claw) {rElec rN+ Dex+7}
   (You bought it in a shop on level 1 of the Depths)

   [ring of positive energy]

   It affects your dexterity (+7).
   It insulates you from electricity.
   It protects you from negative energy.
 Q - the cursed ring "Uce Gos" {*Tele *Corrode MR+ Str+6 Int+4, (Curse: *Slow Slay-2)}
   (You found it in Pandemonium)

   [ring of teleportation]

   It may teleport you next to monsters.
   It affects your strength (+6).
   It affects your intelligence (+4).
   It affects your resistance to hostile enchantments.
   It may corrode you when you take damage.
   It has a curse placed upon it.
   { (Curse: *Slow Slay-2)}
 Y - the ring "Tuyzir" {Wiz rF+ +Vis}
   (You found it on level 5 of the Depths)

   [ring of wizardry]

   It improves your spell success rate.
   It protects you from fire.
   It improves your vision.
Wands
 z - a wand of ensnaring (28)
 C - a wand of clouds (15)
 G - a wand of acid (77)
 O - a wand of iceblast (102)
 S - a wand of enslavement (51)
 T - a wand of scattershot (19)
 U - a wand of hasting (41)
Scrolls
 h - 6 scrolls of blinking {@r4}
 j - 30 scrolls of teleportation {@r3 !r}
 o - 16 scrolls of fear {!r}
 p - 3 scrolls of bless item
 v - 12 scrolls of immolation
 y - 7 scrolls of magic mapping {@r5 !r}
 D - 5 scrolls of holy word
 F - 2 scrolls of silence
 L - 3 scrolls of fog {!r}
 N - 2 scrolls of summoning
 P - 2 scrolls of enchantment
Potions
 b - 7 potions of might {@q3 !q}
 f - 12 potions of heal wounds {@q2 !q}
 i - 5 potions of resistance
 r - 5 potions of haste {@q4 !q}
 s - 44 potions of curing {@q1 !q}
 t - a potion of cancellation
 u - 19 potions of lignification {@q6}
 w - 4 potions of magic
 E - 6 potions of agility {@q5 !q}
 R - 4 potions of mutation
Miscellaneous
 k - a lamp of fire
 H - a lightning rod (4/4)
 I - 3 phantom mirrors
 J - 4 boxes of beasts
 W - 3 sacks of spiders
Comestibles
 e - 104 rations


   Skills:
 * Level 22.9 Fighting
 O Level 27 Slings
 + Level 14.7 Armour
 + Level 15.6 Dodging
 - Level 0.3 Stealth
 + Level 12.4 Shields
 * Level 22.7 Unarmed Combat
 * Level 26.1 Invocations
 - Level 11.3 Evocations


You had 26 spell levels left.
You didn't know any spells.
Your spell library contained the following spells:

 Spells                   Type           Power        Failure   Level  Hunger
 Beastly Appendage        Tmut           0 (50)       67%         1    ##.....
 Confusing Touch          Hex            0 (50)       67%         1    ##.....
 Flame Tongue             Fire           0 (30)       67%         1    ##.....
 Foxfire                  Fire           0 (25)       67%         1    ##.....
 Freeze                   Ice            0 (25)       67%         1    ##.....
 Infusion                 Chrm           0 (25)       67%         1    ##.....
 Magic Candle             Hex/Fire       0 (90)       67%         1    ##.....
 Pain                     Hex/Necr       0 (25)       67%         1    ##.....
 Poisonous Vapours        Pois/Air       0 (50)       67%         1    ##.....
 Sandblast                Erth           0 (50)       67%         1    ##.....
 Shock                    Air            0 (25)       67%         1    ##.....
 Summon Butterflies       Summ           0 (100)      67%         1    ##.....
 Summon Small Mammal      Summ           0 (25)       67%         1    ##.....
 Blink                    Tloc           N/A          82%         2    ###....
 Call Imp                 Summ           0 (100)      82%         2    ###....
 Corpse Rot               Tmut/Necr      N/A          82%         2    ###....
 Ensorcelled Hibernation  Hex/Ice        0 (50)       82%         2    ###....
 Passwall                 Tmut/Erth      0 (120)      82%         2    ###....
 Searing Ray              Fire           0 (50)       82%         2    ###....
 Shroud of Golubria       Chrm/Tloc      0 (200)      82%         2    ###....
 Slow                     Hex            0 (100)      82%         2    ###....
 Song of Slaying          Chrm           0 (100)      82%         2    ###....
 Sticks to Snakes         Tmut           0 (100)      82%         2    ###....
 Sting                    Pois           0 (25)       82%         2    ###....
 Sublimation of Blood     Necr           0 (200)      82%         2    ###....
 Swiftness                Chrm/Air       0 (100)      82%         2    ###....
 Throw Frost              Ice            0 (50)       82%         2    ###....
 Apportation              Tloc           0 (50)       96%         3    ####...
 Blinding Spray           Hex/Pois       0 (50)       96%         3    ####...
 Call Canine Familiar     Summ           0 (100)      96%         3    ####...
 Confuse                  Hex            0 (100)      96%         3    ####...
 Conjure Flame            Fire           0 (100)      96%         3    ####...
 Ignite Poison            Fire/Tmut      0 (100)      96%         3    ####...
 Inner Flame              Hex/Fire       0 (100)      96%         3    ####...
 Mephitic Cloud           Pois/Air       0 (100)      96%         3    ####...
 Ozocubu's Armour         Chrm/Ice       0 (100)      96%         3    ####...
 Portal Projectile        Chrm/Tloc      0 (50)       96%         3    ####...
 Pryten's Skeletal Upris  Chrm/Necr      0 (200)      96%         3    ####...
 Recall                   Summ/Tloc      N/A          96%         3    ####...
 Regeneration             Chrm/Necr      0 (200)      96%         3    ####...
 Scorpion Form            Tmut/Pois      0 (200)      96%         3    ####...
 Snakes to Sticks         Hex/Tmut       0 (100)      96%         3    ####...
 Spectral Weapon          Chrm/Summ      0 (100)      96%         3    ####...
 Static Discharge         Air            0 (100)      96%         3    ####...
 Stone Arrow              Erth           0 (50)       96%         3    ####...
 Tukima's Dance           Hex            0 (100)      96%         3    ####...
 Vampiric Draining        Necr           0 (200)      96%         3    ####...
 Airstrike                Air            0 (200)      100%        4    #####..
 Animate Dead             Necr           N/A          100%        4    #####..
 Cause Fear               Hex            0 (200)      100%        4    #####..
 Force Lance              Tloc/Air       0 (200)      100%        4    #####..
 Force Lasso              Tloc/Erth      0 (200)      100%        4    #####..
 Fulminant Prism          Hex            0 (200)      100%        4    #####..
 Hailstorm                Ice            0 (100)      100%        4    #####..
 Ice Form                 Ice/Tmut       0 (100)      100%        4    #####..
 Leda's Liquefaction      Tmut/Erth      0 (200)      100%        4    #####..
 Muse Oam's Air Blast     Tloc/Air       0 (100)      100%        4    #####..
 Petrify                  Tmut/Erth      0 (100)      100%        4    #####..
 Sticky Flame             Fire/Pois      0 (100)      100%        4    #####..
 Still Winds              Hex/Air        0 (200)      100%        4    #####..
 Summon Ice Beast         Ice/Summ       0 (100)      100%        4    #####..
 Throw Icicle             Ice            0 (100)      100%        4    #####..
 Blade Hands              Tmut           0 (200)      100%        5    ######.
 Bolt of Magma            Fire/Erth      0 (200)      100%        5    ######.
 Fireball                 Fire           0 (200)      100%        5    ######.
 Irradiate                Tmut/Pois      0 (200)      100%        5    ######.
 Iskenderun's Battlesphe  Chrm/Erth      0 (100)      100%        5    ######.
 Lee's Rapid Deconstruct  Erth           0 (200)      100%        5    ######.
 Lightning Bolt           Air            0 (200)      100%        5    ######.
 Methodical Deconstructi  Erth           0 (200)      100%        5    ######.
 Silence                  Hex/Air        0 (200)      100%        5    ######.
 Summon Forest            Summ/Erth      0 (200)      100%        5    ######.
 Summon Lightning Spire   Summ/Air       0 (100)      100%        5    ######.
 Summon Mana Viper        Summ/Pois      0 (100)      100%        5    ######.
 Summon Spider Mount      Summ/Pois      0 (200)      100%        5    ######.
 Yara's Violent Unravell  Hex/Tmut       0 (200)      100%        5    ######.
 Bolt of Cold             Ice            0 (200)      100%        6    #######
 Borgnjor's Vile Clutch   Necr/Erth      0 (200)      100%        6    #######
 Cigotuvi's Degeneration  Tmut/Necr      0 (200)      100%        6    #######
 Conjure Ball Lightning   Air            0 (200)      100%        6    #######
 Darkness                 Hex            0 (200)      100%        6    #######
 Death Channel            Chrm/Necr      0 (200)      100%        6    #######
 Deflect Missiles         Chrm/Air       0 (200)      100%        6    #######
 Dispersal                Tloc           0 (200)      100%        6    #######
 Eringya's Noxious Bog    Tmut/Pois      0 (200)      100%        6    #######
 Freezing Cloud           Ice/Air        0 (200)      100%        6    #######
 Invisibility             Chrm           0 (100)      100%        6    #######
 Iron Shot                Erth           0 (200)      100%        6    #######
 Ozocubu's Refrigeration  Ice            0 (200)      100%        6    #######
 Poison Arrow             Pois           0 (200)      100%        6    #######
 Ring of Flames           Chrm/Fire      0 (200)      100%        6    #######
 Shadow Creatures         Summ           N/A          100%        6    #######
 Simulacrum               Ice/Necr       0 (200)      100%        6    #######
 Statue Form              Tmut/Erth      0 (150)      100%        6    #######
 Tunneling                Erth           0 (200)      100%        6    #######
 Controlled Blink         Tloc           0 (100)      100%        7    #######
 Dragon Form              Tmut           0 (200)      100%        7    #######
 Infestation              Tmut/Pois      0 (200)      100%        7    #######
 Iskenderun's Icy Sphere  Ice            0 (200)      100%        7    #######
 Chain Lightning          Air            0 (200)      100%        8    #######
 Discord                  Hex            0 (200)      100%        8    #######
 Disjunction              Tloc           0 (200)      100%        8    #######
 Ignition                 Fire           0 (200)      100%        8    #######
 Lehudib's Crystal Spear  Erth           0 (200)      100%        8    #######
 Fire Storm               Fire           0 (200)      100%        9    #######
 Glaciate                 Ice            0 (200)      100%        9    #######
 Shatter                  Erth           0 (200)      100%        9    #######
 Tornado                  Air            0 (200)      100%        9    #######
 Passage of Golubria      Tloc           Unusable     N/A         4    N/A

Dungeon Overview and Level Annotations

Branches:
Dungeon (8/8)              Temple (1/1) D:4            Lair (6/6) D:5
  Swamp (4/4) Lair:4        Snake (4/4) Lair:3        Slime (5/5) Lair:5
    Orc (2/2) D:6             Elf (3/3) Orc:2        Vaults (5/5) D:7
  Crypt (3/3) Vaults:2       Tomb (3/3) Crypt:3      Depths (5/5) D:8
   Hell (visited)             Dis (7/7) Hell            Geh (7/7) Hell
    Coc (7/7) Hell            Tar (7/7) Hell            Zot (5/5) Depths:5
  IceCv (visited)         Volcano (visited)          WizLab (visited)

Altars:
Ashenzari
Cheibriados
Dithmenos
Elyvilon
Fedhas Madash
Gozag Ym Sagoz
Hepliaklqana
Kikubaaqudgha
Makhleb
Nemelex Xobeh
Okawaru
Qazlal
Ru
Sif Muna
Trog
Uskayaw
Vehumet
Wu Jian
Xom
Yredelemnul
Zin
The Shining One
Jiyva
Lugonu

Shops:
D:7 ?=[*   Orc:1 !::   Orc:2 (:([*:   Elf:1 (   Elf:2 *   Elf:3 (
Snake:2 ?%[?   Snake:4 *   Vaults:2 }   Vaults:5 =   Depths:1 =!   Depths:5 !:}

Portals:
Hell: Depths:1 Depths:2 Depths:3 Depths:4 Depths:5
Abyss: Depths:1 Depths:3 Depths:4
Pandemonium: Depths:3
Ziggurat: Depths:1

Annotations:
D:1 gg wp
Swamp:2 3 runed translucent doors, exclusion: 3 doors, pleonasm's ghost, adept OgBe
Swamp:3 2 transporters
Dis:7 Serpent of
Hell
Zot:1 exclusion: downstairs


Innate Abilities, Weirdness & Mutations

Your horsehide is resilient. (AC +3)
You are too large for most types of armour.
You have claws for hands. (+6 Unarmed)
You have hooves in place of feet.
Armour fits poorly on your strangely shaped body.
You cover ground very quickly.
Your metabolism is lightning-fast.
You like to eat raw meat.
You heal very quickly.
You are covered in fur. (AC +1)
You have extremely tough skin. (AC +3)
You have a beak for a mouth.
You are partially covered in yellow scales. (AC +2)
You are clumsy. (Dex -2)
Your movements are slightly less encumbered by armour. (ER -2)


Message History

(H) Hell (I) Dis (G) Gehenna (X) Cocytus (Y) Tartarus (Z) Zot
Where to? (Enter - D:1 @ (x,y), ? - help)
An ice devil comes into view.
There is a stone staircase leading up here.
Aiming:
a - the +3 sling "Punk" {holy, rCorr}, Range: 4 (100%)
Press: ? - help, Shift-Dir - straight line, f - ice devil
Aim: an ice devil (healthy (43/43), haloed)
You shoot a sling bullet.
The sling bullet pulverizes the ice devil (66)!!!
You kill the ice devil!
The Shining One accepts your kill.
No target in view!
No target in view!
You climb upwards.
There is a stone staircase leading down here.
(D) Dungeon (T) Temple (L) Lair (S) Swamp (P) Snake Pit (M) Slime Pits (O) Orcish Mines (E) Elven Halls (V) Vaults (C) Crypt (W) Tomb (U) Depths (H) Hell (I) Dis (G) Gehenna (X) Cocytus (Y) Tartarus (Z) Zot
Where to? (Enter - D:1 @ (x,y), ? - help)
You see here a +0 ring mail.
You see here a +0 shortbow.
Things that are here:
a potion of degeneration; a +0 chain mail; a +0 glaive
There is a stone staircase leading up, spattered with blood here.
You climb upwards.
There is a stone staircase leading down here.
You see here a +0 dagger.
Things that are here:
a +0 dagger; a +0 chain mail You see here +0 acid dragon scales.
An ice devil comes into view.
Unknown command.
There is a stone staircase leading up here.
You climb upwards.
There is a stone staircase leading down here.
(D) Dungeon (T) Temple (L) Lair (S) Swamp (P) Snake Pit (M) Slime Pits (O) Orcish Mines (E) Elven Halls (V) Vaults (C) Crypt (W) Tomb (U) Depths (H) Hell (I) Dis (G) Gehenna (X) Cocytus (Y) Tartarus (Z) Zot
Where to? (Enter - D:1 @ (x,y), ? - help)
There is a stone staircase leading up here.
You climb upwards.
There is a stone staircase leading down here. 3 golden eyes come into view.
You see here a +0 dagger.
Aiming:
a - the +3 sling "Punk" {holy, rCorr}, Range: 3 (75%)
Press: ? - help, Shift-Dir - straight line, f - golden eye
Aim: a golden eye (healthy (13/13), haloed)
You shoot a sling bullet.
The sling bullet crushes the golden eye (34)!!
You kill the golden eye!
Aiming:
a - the +3 sling "Punk" {holy, rCorr}, Range: 4 (100%)
Press: ? - help, Shift-Dir - straight line, f - golden eye
Aim: a golden eye (healthy (12/12), haloed)
You shoot a sling bullet.
The sling bullet hits the golden eye (2).
The golden eye is lightly wounded. (10/12) HP
Aiming:
a - the +3 sling "Punk" {holy, rCorr}, Range: 4 (100%)
Press: ? - help, Shift-Dir - straight line, f/p - golden eye
Aim: a golden eye (lightly wounded (10/12), haloed)
You shoot a sling bullet.
The sling bullet crushes the golden eye (32)!!
The sling bullet ricochets!
The sling bullet pulverizes the golden eye (147)!!!!!
You kill the golden eye! x2
No target in view!
(D) Dungeon (T) Temple (L) Lair (S) Swamp (P) Snake Pit (M) Slime Pits (O) Orcish Mines (E) Elven Halls (V) Vaults (C) Crypt (W) Tomb (U) Depths (H) Hell (I) Dis (G) Gehenna (X) Cocytus (Y) Tartarus (Z) Zot
Where to? (Enter - D:1 @ (x,y), ? - help)
There is a stone staircase leading up here.
You climb upwards.
There is a stone staircase leading down here.
There is a stone staircase leading up here.
You climb upwards.
There is a stone staircase leading down here.
You enter the shallow water.
Moving in this stuff is going to be slow.
You swap places.
You enter the shallow water.
Moving in this stuff is going to be slow.
You enter the shallow water.
Moving in this stuff is going to be slow.
There is a stone staircase leading up here.
You climb upwards.
There is a stone staircase leading down here.
There is a staircase leading out of the dungeon here.
You eat one of the 105 rations.
That ration really hit the spot!
You're too full to eat anything.
Drop what? 51/52 slots (_ for help) (? for menu, Esc to quit)
Okay, then.
New annotation for D:1 (include '!' for warning): gg wp
There are no items here.
You have escaped!

.# #...#.##♣♣♣÷♣##### #.###.##..
.###.#.#....♣♣.♣....# #..##.####
.......####.##..###.#####.##.#
...#...# #.###.##....# #.##.#
...###.# #.###.##..#.# #..#.#
...^...# #.....##..#.####.#.#
...##### ########..#...##...#
.### #########.###..#### .#
####8@8#####.........# .#
#.........######.≈##.#
.###########.........##....≈>≈..#
..........##.........##.#########
............)...........#
..............######....#
..........##### ######
..........# ..........#


There were no monsters in sight!

Vanquished Creatures
  Cerebov (Pan)
  Asmodeus (Geh:7)
  Antaeus (Coc:7)
  Gloorx Vloq (Pan)
  Ereshkigal (Tar:7)
  Lom Lobon (Pan)
  Mnoleg (Pan)
  6 ancient liches
  Dispater (Dis:7)
  4 orbs of fire
  Mennas (Pan)
  Khufu (Tomb:2)
  8 Killer Klowns
  Bai Suzhen (Snake:4)
  Sojobo (Depths:5)
  14 shard shrikes
  11 greater mummies
  Saint Roka (Vaults:4)
  Frederick (Vaults:5)
  Vashnia (Snake:4)
  Nikola (Swamp:2)
  2 curse toes
  A pearl dragon (Pan)
  Geryon (Hell)
  13 golden dragons
  the Enchantress (Depths:2)
  3 pandemonium lords (Pan)
  18 liches
  18 Tzitzimimeh
  10 Brimstone Fiends
  9 Hell Sentinels
  6 electric golems
  2 iron giants
  12 Ice Fiends
  3 doom hounds
  A hellephant (Hell)
  4 caustic shrikes
  Asterion (Elf:1)
  5 quicksilver dragons
  16 titans
  3 juggernauts
  16 Executioners
  64 acid blobs
  9 shadow dragons
  10 storm dragons
  10 tengu reavers
  20 ancient champions
  Donald (Elf:1)
  A kraken (Abyss:4)
  5 revenants
  Circe (Swamp:3)
  the Royal Jelly (thrice) (Slime:5)
  13 sphinxes
  A thorn hunter (Swamp:4)
  16 tentacled starspawn
  8 iron dragons
  A profane servitor (Crypt:3)
  A plutonium crab (Zot:5)
  7 nagarajas
  5 war gargoyles
  3 daevas (Pan)
  5 draconian monks
  The ghost of Bailed the Peltast, a veteran MiMo of Qazlal (Vaults:1)
  10 draconian knights
  9 vault wardens
  7 draconian shifters
  17 cacodemons
  9 bone dragons
  19 frost giants
  Louise (Elf:1)
  24 fire giants
  A magenta draconian (Zot:5)
  4 angels
  5 platinum draconians
  5 deep elf sorcerers
  Roxanne (Snake:2)
  A draconian stormcaller (Zot:5)
  26 balrugs
  A warmonger (Pan)
  A draconian sharpshooter (Zot:2)
  3 ghost moths (Pan)
  5 draconian scorchers
  13 ironheart preservers
  15 lava globs
  3 curse skulls
  Aizul (Snake:4)
  54 reapers
  3 black suns (Pan)
  7 deep elf elementalists
  the Lernaean hydra (Swamp:4)
  27 Orb Guardians
  2 draconian annihilators
  6 golden draconians
  3 ophanim (Pan)
  6 death cobs
  A cyan draconian (Zot:5)
  2 pearl draconians
  4 scintillating draconians
  4 silver draconians
  8 bennus
  3 black draconians (Zot:1)
  5 purple draconians
  4 elemental wellsprings (Coc:7)
  13 vampire knights
  6 deep elf demonologists
  3 entropy weavers
  2 teal draconians
  2 pink draconians
  26 tentacled monstrosities
  11 deep elf annihilators
  6 eidola
  2 eldritch tentacles
  Snorg (Orc:1)
  4 chaos butterflies
  4 merfolk javelineers
  4 bone draconians
  15 spark wasps
  A merfolk impaler (Depths:2)
  8 fire dragons
  7 green deaths
  9 ghouls
  28 azure jellies
  13 mummy priests
  19 ice dragons
  9 deep elf death magi
  14 blizzard demons
  A crystal guardian (Vaults:5)
  2 verdant moulds (Slime:5)
  9 naga warriors
  5 deep elf high priests
  8 rakshasas
  10 ogre magi
  The ghost of Thalamas the Severer, a journeyman MiBe of Trog (Lair:5)
  50 very ugly things
  3 death knights
  7 jiangshi (Crypt:3)
  10 lava worms
  6 lorocyprocas
  10 spriggan air magi
  7 deep troll shamans
  34 gibbering mounds
  32 great orbs of eyes
  2 catoblepae
  12 deep troll earth magi
  38 large abominations
  13 boulder beetles
  3 ghost crabs
  3 sphinx moths
  12 vampire magi
  3 spriggan berserkers
  31 stone giants
  27 soul eaters
  A swooping magpie (Lair:3)
  18 ettins
  26 alligators
  10 hell hogs
  4 monstrous demonspawn (Pan)
  22 death oozes
  The ghost of Xenophilius the Cruncher, a journeyman LiMo of Okawaru (Lair:2)
  22 naga sharpshooters
  9 apis (Pan)
  4 swooping magpies (shapeshifter)
  9 yaktaur captains
  8 spriggan defenders
  30 deep elf knights
  49 hell knights
  79 skeletal warriors
  An ectoplasmic emanation (Crypt:2)
  4 shock serpents
  12 unseen horrors
  5 orc high priests
  10 death scarabs (Tomb:1)
  36 thrashing horrors
  36 vault guards
  2 iron golems
  11 shadow demons
  16 hydras
  6 swamp dragons
  6 tengu warriors
  3 spriggan druids
  10 wretched stars
  4 cherubim (Pan)
  5 salamander mystics
  Nergalle (Orc:1)
  13 balloon dogs
  33 two-headed ogres
  A fire crab (Lair:6)
  10 anacondas
  31 shadow wraiths
  7 phantasmal warriors
  5 glowing orange brains
  3 shambling mangroves
  11 ironbrand convokers
  7 harpies (Vaults:3)
  A kraken zombie (Coc:3)
  12 orc knights
  34 deep elf archers
  8 naga ritualists
  6 flayed ghosts
  36 dancing weapons
  4 death drakes
  11 wizards
  An obsidian statue (WizLab)
  14 centaur warriors
  43 deep trolls
  An orange crystal statue (Depths:2)
  25 sixfirhies
  42 sun demons
  3 death yaks
  An orb spider (shapeshifter) (D:7)
  10 shining eyes
  25 necromancers
  25 rust devils
  3 gelid demonspawn (Pan)
  93 deep elf magi
  17 salamanders
  3 guardian serpents
  21 small abominations
  3 manticores
  6 worldbinders
  3 infernal demonspawn (Pan)
  4 oklob plants (Lair:4)
  6 orc sorcerers
  A moth of wrath (shapeshifter) (Vaults:5)
  4 spatial maelstroms
  4 rock worms
  A torturous demonspawn (Pan)
  12 naga magi
  A draconian (Zot:4)
  A spectral iron dragon (Abyss:1)
  24 giraffes
  9 mana vipers
  19 moths of wrath
  10 vault sentinels
  An eye of devastation (shapeshifter) (Vaults:1)
  11 molten gargoyles (Geh:7)
  10 apocalypse crabs
  16 hellions
  An iron troll (Depths:5)
  2 titan zombies (Dis:7)
  A spectral shadow dragon (Abyss:1)
  11 starcursed masses
  17 smoke demons
  6 hellwings
  4 eyes of devastation
  A spectral stone giant (Abyss:1)
  A juggernaut skeleton (Depths:1)
  27 spiny frogs
  62 ugly things
  32 black mambas
  3 ice statues
  2 iron dragon zombies
  13 trolls
  A spectral frost giant (Abyss:1)
  2 golden dragon zombies
  3 titan skeletons
  43 ice devils
  6 elephants (Lair:5)
  6 shadow dragon zombies
  41 freezing wraiths
  A rime drake (shapeshifter) (Vaults:1)
  4 wolf spiders
  43 yaktaurs
  A boulder beetle zombie (Depths:1)
  8 rime drakes
  A meliai (D:7)
  2 silent spectres (Tar:7)
  7 efreet
  A kobold demonologist (Abyss:1)
  5 toenail golems (Volcano)
  2 tengu conjurers (Depths:5)
  2 golden dragon skeletons
  5 iron dragon skeletons
  6 shadow dragon skeletons
  23 bog bodies
  23 tormentors
  9 stone giant zombies
  A polar bear (shapeshifter) (Vaults:1)
  A jumping spider (shapeshifter) (Depths:2)
  3 tengu skeletons
  17 red devils
  A spectral storm dragon (Abyss:1)
  3 frost giant zombies
  10 komodo dragons
  18 orange demons
  29 polar bears
  14 tyrant leeches
  A jumping spider (Abyss:1)
  11 ancient zymes
  A queen bee (shapeshifter) (Depths:1)
  7 quicksilver dragon zombies
  6 fire giant zombies
  5 frost giant skeletons
  4 fire giant skeletons
  A spectral hydra (Abyss:4)
  A titan simulacrum (Abyss:4)
  A blink frog (shapeshifter) (Vaults:1)
  11 ynoxinuls
  2 dire elephant zombies (Tar:7)
  11 stone giant skeletons
  36 blink frogs
  22 hornets
  14 demonic crawlers
  2 wind drakes
  A pearl draconian zombie (Crypt:2)
  A sphinx skeleton (Depths:2)
  A magenta draconian zombie (Crypt:1)
  57 remnants of a dead god
  59 raiju
  2 storm dragon zombies
  5 quicksilver dragon skeletons
  A demonspawn skeleton (WizLab)
  24 wraiths
  18 neqoxecs
  3 giraffe zombies (Lair:1)
  21 hydra zombies
  12 vampires
  A steam dragon (Lair:4)
  An emperor scorpion zombie (Coc:7)
  A storm dragon skeleton (Coc:7)
  A spectral ettin (Abyss:3)
  A death yak zombie (Crypt:2)
  2 dire elephant skeletons
  17 shadows
  4 ushabtiu
  2 purple draconian skeletons
  A spriggan (shapeshifter) (Vaults:3)
  66 flying skulls
  3 yaktaur skeletons
  5 cyclopes
  2 ghost moth zombies
  16 wyverns
  A frost giant simulacrum (Coc:4)
  A hippogriff (D:7)
  9 spriggans
  An air elemental (Elf:1)
  An elf skeleton (Vaults:5)
  2 ice dragon zombies
  A pearl draconian skeleton (Tar:7)
  A tengu simulacrum (Depths:2)
  14 water elementals
  4 alligator zombies
  A catoblepas skeleton (Crypt:3)
  A scintillating draconian skeleton (Tar:7)
  35 yaks
  A yak (shapeshifter) (Depths:1)
  21 chaos elementals
  2 acid dragons
  2 basilisks (shapeshifter)
  A cyan draconian skeleton (Crypt:2)
  6 fire dragon zombies
  14 fire elementals
  5 hogs (Swamp:3)
  3 basilisks
  3 fire bats
  8 hydra skeletons
  2 hungry ghosts
  12 ettin zombies
  A lime draconian skeleton (Coc:2)
  A sphinx simulacrum (Vaults:3)
  49 golden eyes
  47 nagas
  3 alligator skeletons
  A satyr zombie (Crypt:3)
  2 tarantellas
  4 wolf spider zombies
  A redback (shapeshifter) (D:8)
  11 redbacks
  13 vampire mosquitoes
  4 fire dragon skeletons
  11 wargs
  An elf zombie (Depths:2)
  A satyr skeleton (Crypt:2)
  3 ice dragon skeletons
  154 slime creatures
  12 spatial vortices
  3 ettin skeletons
  19 insubstantial wisps
  25 guardian mummies
  32 swamp worms
  2 earth elementals
  9 anaconda zombies
  A yaktaur simulacrum (Vaults:1)
  46 orc warriors
  A snapping turtle zombie (Coc:2)
  5 anaconda skeletons
  2 phantoms
  A merfolk zombie (Crypt:1)
  23 water moccasins
  A hydra simulacrum (Crypt:3)
  4 floating eyes
  2 scorpions
  63 hell hounds
  8 ice beasts
  13 porcupines
  A shock serpent zombie (Geh:7)
  11 necrophages
  2 tengu zombies (Depths:1)
  A floating eye (shapeshifter) (Depths:1)
  A torturous demonspawn zombie (Crypt:1)
  12 black bears
  A sky beast (D:7)
  A monstrous demonspawn skeleton (WizLab)
  A dream sheep zombie (Lair:1)
  8 pulsating lumps (Pan)
  11 fetid cysts
  9 swamp drakes
  2 wolf spider simulacra
  A swamp dragon zombie (Coc:1)
  18 eyes of draining
  6 snapping turtle skeletons
  10 boggarts
  A swamp dragon skeleton (Hell)
  9 human zombies
  A manticore skeleton (Geh:6)
  26 wolves
  An anaconda simulacrum (Coc:4)
  25 ogres
  A komodo dragon zombie (Crypt:2)
  2 big kobolds (D:2)
  16 crocodiles
  A human simulacrum (Vaults:3)
  2 glowing shapeshifter simulacra
  A yaktaur zombie (Crypt:1)
  5 black mamba zombies
  19 bullfrogs
  2 komodo dragon skeletons (Lair:1)
  9 spiny frog zombies
  A manticore simulacrum (Coc:7)
  A dream sheep simulacrum (Lair:2)
  5 harpy zombies
  2 meliai zombies
  A swamp dragon simulacrum (Tomb:1)
  A yak zombie (Lair:1)
  5 black mamba skeletons
  A polar bear zombie (Lair:1)
  8 harpy skeletons
  A troll zombie (Tar:7)
  12 centaurs
  A komodo dragon simulacrum (Lair:2)
  A howler monkey (D:3)
  10 spiny frog skeletons
  A yak skeleton (Lair:1)
  56 wights
  3 quasits
  A black mamba simulacrum (Lair:2)
  A blink frog zombie (Lair:1)
  A polar bear simulacrum (Lair:2)
  2 spiny frog simulacra
  A troll simulacrum (Abyss:4)
  A scorpion zombie (Crypt:1)
  5 electric eels (Lair:5)
  3 human skeletons
  A hog skeleton (Crypt:1)
  5 crimson imps
  18 orc priests
  8 hounds
  8 jellies
  23 orc wizards
  60 mummies
  2 crocodile zombies (Lair:1)
  3 iguanas
  An iguana (shapeshifter) (D:7)
  10 hell rats
  2 water moccasin zombies (Lair:1)
  3 worker ants
  A naga skeleton (Tomb:1)
  A warg zombie (Crypt:2)
  A crocodile skeleton (Lair:1)
  A deep dwarf skeleton (Crypt:1)
  5 water moccasin skeletons
  3 wyvern skeletons
  8 giant cockroaches
  12 iron imps
  A centaur zombie (Coc:3)
  4 porcupine zombies (Lair:1)
  A worm zombie (Crypt:1)
  9 bullfrog skeletons
  3 bullfrog zombies
  2 porcupine skeletons
  8 shadow imps
  15 adders
  A bullfrog simulacrum (Lair:2)
  3 gnolls (D:3)
  A porcupine simulacrum (Lair:2)
  43 sewer rats (D:2)
  14 white imps
  6 cinder newts
  4 worms
  A hound zombie (D:5)
  3 ufetubi
  A worker ant zombie (D:5)
  A hound skeleton (Crypt:3)
  A howler monkey skeleton (Crypt:2)
  A dart slug (D:1)
  10 leopard geckos
  73 orcs
  3 cinder newt skeletons
  2 goblins
  3 hobgoblins (D:1)
  8 jackals
  9 kobolds
  5 quokkas
  2 ball pythons (D:2)
  4 bats
  2 kobold skeletons
  A leopard gecko skeleton (D:5)
  2 orc zombies
  A quokka simulacrum (Lair:2)
  A rat skeleton (D:2)
  4 blood draconians
  4 blue draconians
  2 briar patches (Swamp:4)
  3 butterflies
  11 crawling corpses
  8 deep elf blademasters
  11 deep elf master archers
  A fire vortex (Lair:4)
  A giant blowfly (Snake:4)
  4 green draconians
  7 lime draconians
  A lurking horror (Abyss:1)
  4 olive draconians
  65 pillars of salt
  12 plants
  2 rainbow trout
  6 red draconians
  15 starspawn tentacles
  6 tentacles
  6 withered plants (D:2)
5082 creatures vanquished.

Vanquished Creatures (collateral kills)
  A shard shrike (Coc:7)
  3 greater mummies
  An Ice Fiend (Coc:7)
  A lich (Tomb:2)
  3 cacodemons (Pan)
  An ironheart preserver (Vaults:5)
  A draconian scorcher (Zot:1)
  A draconian shifter (Zot:1)
  A balrug (Pan)
  A tentacled monstrosity (Pan)
  A blizzard demon (Coc:7)
  3 ice dragons (Coc:7)
  3 soul eaters (Tar:7)
  A skeletal warrior (Coc:7)
  A deep elf mage (D:6)
  An ugly thing (D:6)
  An ice devil (Coc:7)
  A quicksilver dragon zombie (Coc:7)
  2 bog bodies (Coc:7)
  2 wraiths (Coc:7)
  A quicksilver dragon skeleton (Coc:7)
  2 hydra zombies
  A neqoxec (Pan)
  A water elemental (Coc:7)
  A guardian mummy (Tomb:2)
  An anaconda zombie (Coc:7)
  2 slime creatures (Swamp:1)
  A small abomination (Zot:1)
  A mummy (Coc:7)
  A shadow imp (Tar:7)
  A white imp (Coc:7)
43 creatures vanquished.

Vanquished Creatures (others)
  A fire giant (Depths:2)
  9 reapers
  An elemental wellspring (Coc:7)
  3 green deaths
  2 very ugly things (Pan)
  2 spriggan air magi (Depths:2)
  A lorocyproca (Abyss:4)
  A merfolk impaler (Depths:2)
  A deep elf knight (Elf:2)
  A shadow demon (Tar:7)
  A fire crab (Abyss:4)
  2 sixfirhies (Pan)
  A flayed ghost (Depths:3)
  A rust devil (Dis:7)
  A hellwing (Pan)
  An ice devil (Coc:7)
  An orange demon (Pan)
  A wraith (Geh:5)
  A raiju (Abyss:5)
  2 flying skulls (Geh:6)
  3 neqoxecs (Pan)
  2 chaos elementals (Abyss:4)
  A golden eye (Pan)
  A small abomination (Abyss:5)
  2 pulsating lumps (Pan)
  A spiny frog skeleton (Geh:6)
  A wight (Geh:2)
  An orc wizard (Vaults:5)
  3 iron imps
  A worm (D:2)
  7 ball lightnings (Pan)
  3 leopard geckos (D:2)
  4 orcs
  A ball python (D:2)
  A bat (D:2)
  3 bushes
  11 butterflies
  2 crawling corpses (Zot:1)
  A demonic plant (Abyss:4)
  3 eldritch tentacles
  25 fungi
  6 giant blowflies
  A lurking horror (Abyss:5)
  148 pillars of salt
  55 plants
  16 rainbow trout
  3 slimeheads (D:2)
  27 starspawn tentacles
  A stone giant (Abyss:5)
  11 tentacles
  91 withered plants (D:2)
470 creatures vanquished.

Grand Total: 5595 creatures vanquished

Notes
Turn   | Place    | Note
-------+----------+-------------------------------------------
     0 | D:1      | MisterOstroum the Troll Centaur began the quest for the
                  | Orb.
     0 | D:1      | Reached XP level 1. HP: 21/21 MP: 0/0
   161 | D:1      | Reached skill level 1 in Unarmed Combat
   161 | D:1      | Reached XP level 2. HP: 29/30 MP: 1/1
   321 | D:1      | Reached XP level 3. HP: 34/37 MP: 2/2
   382 | D:1      | Reached XP level 4. HP: 46/46 MP: 3/3
   956 | D:2      | Reached XP level 5. HP: 52/54 MP: 4/4
  1169 | D:2      | Reached XP level 6. HP: 65/65 MP: 5/5
  1328 | D:2      | Reached skill level 5 in Unarmed Combat
  1413 | D:2      | Reached XP level 7. HP: 65/74 MP: 6/6
  3191 | D:4      | Reached skill level 1 in Evocations
  3398 | D:4      | Reached XP level 8. HP: 85/85 MP: 7/7
  3599 | D:4      | Found a stormy altar of Qazlal.
  3723 | D:4      | Reached skill level 1 in Shields
  3934 | D:4      | Found a staircase to the Ecumenical Temple.
  3940 | Temple   | Entered the Ecumenical Temple
  4072 | Temple   | Became a worshipper of Warmaster Okawaru
  4190 | D:5      | Entered Level 5 of the Dungeon
  4236 | D:5      | Noticed a two-headed ogre
  4268 | D:5      | Noticed a two-headed ogre
  4480 | D:5      | Noticed a two-headed ogre
  4661 | D:4      | Killed a two-headed ogre
  4661 | D:4      | Reached * piety under Okawaru
  4661 | D:4      | Received a gift from Okawaru
  4661 | D:4      | Reached skill level 5 in Fighting
  4661 | D:4      | Reached skill level 5 in Slings
  4661 | D:4      | Reached XP level 9. HP: 95/95 MP: 9/9
  4725 | D:5      | Reached skill level 6 in Slings
  4845 | D:5      | Reached ** piety under Okawaru
  4870 | D:5      | Killed a two-headed ogre
  4870 | D:5      | Reached skill level 8 in Slings
  4933 | D:5      | Killed a two-headed ogre
  4933 | D:5      | Reached *** piety under Okawaru
  4933 | D:5      | Reached skill level 1 in Invocations
  5083 | D:5      | Reached XP level 10. HP: 107/107 MP: 10/10
  5220 | D:5      | Found a shimmering altar of Xom.
  5220 | D:5      | Found a sacrificial altar of Ru.
  5220 | D:5      | Found an ornate altar of the Wu Jian Council.
  5443 | D:5      | Found a staircase to the Lair.
  5606 | D:6      | Identified the +4 mangonel of Noump {freeze, rN+ Dex+4
                  | +Vis} (Okawaru gifted it to you on level 6 of the Dungeon)
  5606 | D:6      | Received a gift from Okawaru
  5652 | D:6      | Reached **** piety under Okawaru
  5855 | D:6      | Found a staircase to the Orcish Mines.
  6030 | D:6      | Noticed a deep elf mage
  6033 | D:6      | Reached ***** piety under Okawaru
  6072 | D:6      | Killed a deep elf mage
  6072 | D:6      | Received a gift from Okawaru
  6616 | D:6      | Reached skill level 9 in Slings
  6708 | D:7      | Found Casy's General Store.
  6716 | D:7      | Bought a +1 hat for 165 gold pieces
  6717 | D:7      | Noticed a death knight
  6893 | Lair:1   | Entered Level 1 of the Lair of Beasts
  6962 | Lair:1   | Reached XP level 11. HP: 94/117 MP: 12/12
  7143 | Lair:1   | Reached skill level 10 in Slings
  7169 | Lair:1   | Noticed a boulder beetle
  7264 | Lair:1   | Killed a boulder beetle
  7458 | Lair:1   | Identified a scroll of acquirement
  7501 | Lair:1   | Reached skill level 11 in Slings
  7518 | Lair:1   | Reached ****** piety under Okawaru
  7544 | Lair:1   | Received a gift from Okawaru
  7570 | Lair:1   | Found a runed translucent door.
  7700 | Lair:1   | Noticed a boulder beetle
  7733 | Lair:1   | Killed a boulder beetle
  7857 | Lair:1   | Reached skill level 12 in Slings
  8156 | Lair:1   | Noticed a mummy priest
  8187 | Lair:1   | Killed a mummy priest
  8302 | Lair:2   | Found a runed translucent gate.
  8305 | Lair:2   | Found a runed translucent gate.
  8307 | Lair:2   | Found a runed translucent gate.
  8352 | Lair:2   | Found a dark tunnel.
  8363 | Volcano  | Entered a volcano
  8376 | Volcano  | Identified the +11 mangonel of the Harvest {speed, *Contam
                  | rPois MR++ Int+3} (Okawaru gifted it to you in a volcano)
  8376 | Volcano  | Received a gift from Okawaru
  8424 | Volcano  | Reached skill level 13 in Slings
  8535 | Volcano  | Noticed a wizard
  8544 | Volcano  | Reached XP level 12. HP: 128/128 MP: 11/13
  8564 | Volcano  | Received a gift from Okawaru
  9204 | Lair:2   | Noticed Xenophilius's ghost (journeyman LiMo)
  9266 | Lair:2   | Killed Xenophilius's ghost
  9393 | Lair:2   | Received a gift from Okawaru
  9995 | Lair:3   | Reached skill level 5 in Invocations
 10064 | Lair:3   | Reached skill level 10 in Unarmed Combat
 10103 | Lair:3   | Received a gift from Okawaru
 10256 | Lair:3   | Identified the cursed ring "Kygiaj" {-Vis MP+9 Str+4 Slay+2
                  | Stlth-, (Curse: Fragile MR-)}
 10488 | Lair:3   | Received a gift from Okawaru
 10718 | Lair:3   | Reached XP level 13. HP: 139/139 MP: 16/16
 10813 | Lair:3   | Found a staircase to the Snake Pit.
 11533 | Lair:4   | Reached skill level 5 in Shields
 12682 | Lair:4   | Found a staircase to the Swamp.
 13006 | Lair:5   | Received a gift from Okawaru
 13055 | Lair:5   | Found a runed translucent gate.
 13055 | Lair:5   | Found a runed translucent gate.
 13055 | Lair:5   | Found a runed translucent gate.
 13057 | Lair:5   | Noticed Thalamas's ghost (journeyman MiBe)
 13137 | Lair:5   | Killed Thalamas's ghost
 13529 | Lair:5   | Reached skill level 10 in Fighting
 13675 | Lair:5   | Reached skill level 14 in Slings
 13716 | Lair:5   | Found the +3 pair of gauntlets of War {Slay+5}
 13758 | Lair:5   | Received a gift from Okawaru
 14051 | Lair:5   | Reached skill level 5 in Evocations
 14074 | Lair:5   | Found a runed translucent door.
 14075 | Lair:5   | Found a viscous altar of Jiyva.
 14076 | Lair:5   | Noticed an acid blob
 14133 | Lair:5   | Noticed an acid blob
 14133 | Lair:5   | Noticed an acid blob
 14134 | Lair:5   | Found a staircase to the Slime Pits.
 14317 | Lair:5   | Killed an acid blob
 14317 | Lair:5   | Reached XP level 14. HP: 151/151 MP: 16/18
 14319 | Lair:5   | Killed an acid blob
 14319 | Lair:5   | Identified the +4 robe of the Blue Moon {Dex+3} (Okawaru
                  | gifted it to you on level 5 of the Lair of Beasts)
 14319 | Lair:5   | Received a gift from Okawaru
 14321 | Lair:5   | Killed an acid blob
 14373 | Lair:6   | Entered Level 6 of the Lair of Beasts
 14438 | Lair:6   | Reached skill level 15 in Slings
 15201 | Lair:6   | Received a gift from Okawaru
 15552 | Lair:6   | Reached skill level 5 in Dodging
 15618 | Lair:6   | Received a gift from Okawaru
 15770 | Lair:6   | Reached skill level 16 in Slings
 16203 | Orc:1    | Entered Level 1 of the Orcish Mines
 16203 | Orc:1    | Found Jel Amer's Book Shop.
 16517 | Orc:1    | Found Mirchozxi's Distillery.
 16603 | Orc:1    | Noticed Nergalle
 16616 | Orc:1    | Noticed Snorg
 16629 | Orc:1    | Killed Nergalle
 16642 | Orc:1    | Killed Snorg
 16728 | Orc:1    | Found Yrphyptu's Book Boutique.
 16849 | Orc:2    | Entered Level 2 of the Orcish Mines
 16860 | Orc:2    | Reached XP level 15. HP: 160/160 MP: 18/20
 16891 | Orc:2    | Identified the +10 demon blade "Fisai" {freeze, rElec MR+
                  | Int+3} (Okawaru gifted it to you on level 2 of the Orcish
                  | Mines)
 16891 | Orc:2    | Received a gift from Okawaru
 17161 | Orc:2    | Found Radwoege's Book Boutique.
 17171 | Orc:2    | Found a staircase to the Elven Halls.
 17182 | Orc:2    | Found Zyto's Assorted Antiques.
 17483 | Orc:2    | Bought a wand of ensnaring (8) for 160 gold pieces
 17542 | Orc:2    | Bought an iron wand for 80 gold pieces
 17631 | Orc:2    | Found Boym's Weapon Shop.
 17631 | Orc:2    | Found Zanti's Book Shoppe.
 17639 | Orc:2    | Found Lexzotid's Armour Shoppe.
 17639 | Orc:2    | Found Asoif's Weapon Shop.
 17650 | Orc:2    | Bought the +3 sling "Punk" {acid, rCorr} for 846 gold
                  | pieces
 17650 | Orc:2    | Found the +3 sling "Punk" {acid, rCorr}
 17973 | D:7      | Found Curchul's Antique Armour Boutique.
 18163 | D:7      | Found Jadoru Liba's Magic Scroll Shop.
 18219 | D:7      | Bought a scroll of blinking for 90 gold pieces
 18219 | D:7      | Bought a scroll of teleportation for 36 gold pieces
 18219 | D:7      | Bought a scroll of teleportation for 36 gold pieces
 18219 | D:7      | Bought a scroll of acquirement for 624 gold pieces
 18219 | D:7      | Bought a scroll of magic mapping for 42 gold pieces
 18219 | D:7      | Identified the ring of Xabae {*Slow MP+9 Str+3 Dex+9} (You
                  | acquired it on level 7 of the Dungeon)
 18219 | D:7      | Identified the +0 robe of Knowledge {rCorr} (You acquired
                  | it on level 7 of the Dungeon)
 18221 | D:7      | Identified the +1 hat of Wasted Space {+Blink rElec rF++
                  | Int-2} (You acquired it on level 7 of the Dungeon)
 18221 | D:7      | Identified the Grimoire of the Fulmar (You acquired it on
                  | level 7 of the Dungeon)
 18260 | D:7      | Found a shimmering altar of Xom.
 18266 | D:7      | Received a gift from Okawaru
 18501 | D:7      | Found a gate to the Vaults.
 18608 | D:7      | Found Warhanap's Jewellery Emporium.
 18690 | D:7      | Reached skill level 17 in Slings
 19037 | D:8      | Entered Level 8 of the Dungeon
 19038 | D:8      | Upgraded the game from 0.04-9-g2b7ad2140f to
                  | 0.04-10-g8a6d0ff729
 19073 | D:8      | Found a frozen archway.
 19081 | IceCv    | Entered an ice cave
 19593 | IceCv    | Received a gift from Okawaru
 20113 | D:8      | Identified the +6 storm dragon scales "Gutever" {rElec rC+
                  | Dex-2 +Vis Stlth+} (You acquired it on level 8 of the
                  | Dungeon)
 20132 | D:8      | Found a staircase to the Depths.
 20230 | D:8      | Found a bloodstained altar of Trog.
 20395 | D:8      | Found a snail-covered altar of Cheibriados.
 21639 | Snake:1  | Entered Level 1 of the Snake Pit
 22025 | Snake:1  | Identified the +12 mangonel "Demonslayer" {velocity,
                  | *Contam MR+ Str+5} (Okawaru gifted it to you on level 1 of
                  | the Snake Pit)
 22025 | Snake:1  | Received a gift from Okawaru
 22025 | Snake:1  | Reached skill level 1 in Armour
 22680 | Snake:2  | Reached XP level 16. HP: 169/169 MP: 21/21
 22843 | Snake:2  | Gained mutation: You are weak. (Str -2) [mutagenic glow]
 22887 | Snake:2  | Gained mutation: You are resistant to hostile enchantments.
                  | (MR+) [potion of mutation]
 22887 | Snake:2  | Gained mutation: You are somewhat resistant to further
                  | mutation. [potion of mutation]
 23266 | Snake:2  | Lost mutation: You are weak. (Str -2) [potion of mutation]
 23266 | Snake:2  | Lost mutation: You are somewhat resistant to further
                  | mutation. [potion of mutation]
 23266 | Snake:2  | Lost mutation: You are resistant to hostile enchantments.
                  | (MR+) [potion of mutation]
 23267 | Snake:2  | Gained mutation: You can translocate small distances at
                  | will. [potion of mutation]
 23267 | Snake:2  | Gained mutation: You are strong. (Str +2) [potion of
                  | mutation]
 23267 | Snake:2  | Gained mutation: You evolve. [potion of mutation]
 23315 | Snake:2  | Received a gift from Okawaru
 23512 | Snake:2  | Found Vahocom's Magic Scroll Shop.
 23512 | Snake:2  | Found Qyhi's Magic Scroll Boutique.
 23513 | Snake:2  | Found Jamezef's Food Boutique.
 23515 | Snake:2  | Found Qut Vod's Antique Armour Shop.
 23527 | Snake:2  | Bought a scroll of fog for 32 gold pieces
 23570 | Snake:2  | Bought a scroll of teleportation for 51 gold pieces
 23570 | Snake:2  | Bought a scroll of teleportation for 51 gold pieces
 23618 | Snake:2  | Gained mutation: You are agile. (Dex +2) [evolution]
 23756 | Snake:2  | Identified Roxanne's Collected Works on Flames
 23756 | Snake:2  | Noticed Roxanne
 23775 | Snake:2  | Killed Roxanne
 23775 | Snake:2  | Reached skill level 18 in Slings
 24009 | Snake:3  | Found a burning altar of Makhleb.
 24511 | Snake:3  | Identified the +7 buckler "Urhulah" {rElec rF+ Str-2}
 24612 | Snake:3  | Received a gift from Okawaru
 25133 | Snake:4  | Entered Level 4 of the Snake Pit
 25281 | Snake:4  | Noticed Aizul
 25293 | Snake:4  | Found Mrrepol's Merry Market.
 25364 | Snake:4  | Killed Aizul
 25465 | Snake:4  | Bought a potion of mutation for 50 gold pieces
 25465 | Snake:4  | Bought a potion of might for 80 gold pieces
 25715 | Snake:4  | Received a gift from Okawaru
 25814 | Snake:4  | Noticed Bai Suzhen
 25830 | Snake:4  | Killed Bai Suzhen
 25956 | Snake:4  | Reached XP level 17. HP: 182/186 MP: 20/23
 25973 | Snake:4  | Identified the ring of Elitism {*Drain EV+5 Str+4}
 26026 | Snake:4  | Received a gift from Okawaru
 26026 | Snake:4  | Reached skill level 19 in Slings
 26026 | Snake:4  | Noticed Vashnia
 26077 | Snake:4  | Killed Vashnia
 26161 | Snake:4  | Reached skill level 10 in Invocations
 26269 | Snake:4  | Reached skill level 5 in Armour
 26398 | Snake:4  | Got a serpentine rune of Zot
 26447 | Snake:4  | Received a gift from Okawaru
 26836 | Swamp:1  | Entered Level 1 of the Swamp
 27150 | Swamp:1  | Lost mutation: You are strong. (Str +2) [evolution]
 27150 | Swamp:1  | Lost mutation: You evolve. [end of evolution]
 27171 | Swamp:1  | Gained mutation: Your poor vision makes scrolls take longer
                  | to read and aiming more difficult. [potion of mutation]
 27171 | Swamp:1  | Gained mutation: You tend to lose your temper in combat.
                  | [potion of mutation]
 27171 | Swamp:1  | Gained mutation: You often lose your temper in combat.
                  | [potion of mutation]
 27172 | Swamp:1  | Gained mutation: You are cold resistant. (rC+) [potion of
                  | mutation]
 27172 | Swamp:1  | Lost mutation: Your poor vision makes scrolls take longer
                  | to read and aiming more difficult. [potion of mutation]
 27179 | Swamp:1  | Gained mutation: You are frail. (-10% HP) [potion of
                  | mutation]
 27179 | Swamp:1  | Gained mutation: You have a pair of small horns on your
                  | head. [potion of mutation]
 27180 | Swamp:1  | Gained mutation: Your movements are slightly less
                  | encumbered by armour. (ER -2) [potion of mutation]
 27181 | Swamp:1  | Gained mutation: You expend magic power (3 MP) to
                  | strengthen your wands. [potion of mutation]
 27182 | Swamp:1  | Gained mutation: You are very frail. (-20% HP) [potion of
                  | mutation]
 27182 | Swamp:1  | Gained mutation: You are very agile. (Dex +4) [potion of
                  | mutation]
 27183 | Swamp:1  | Gained mutation: You are covered in thick fur. (AC +2)
                  | [potion of mutation]
 27183 | Swamp:1  | Lost mutation: You are very frail. (-20% HP) [potion of
                  | mutation]
 27184 | Swamp:1  | Lost mutation: You can translocate small distances at will.
                  | [potion of mutation]
 27184 | Swamp:1  | Gained mutation: You are resistant to hostile enchantments.
                  | (MR+) [potion of mutation]
 27185 | Swamp:1  | Lost mutation: You expend magic power (3 MP) to strengthen
                  | your wands. [potion of mutation]
 27185 | Swamp:1  | Lost mutation: You are frail. (-10% HP) [potion of
                  | mutation]
 27185 | Swamp:1  | Lost mutation: You are very agile. (Dex +4) [potion of
                  | mutation]
 27185 | Swamp:1  | Lost mutation: You are resistant to hostile enchantments.
                  | (MR+) [potion of mutation]
 27186 | Swamp:1  | Gained mutation: You have a pair of horns on your head.
                  | [potion of mutation]
 27285 | Swamp:1  | Identified the +1 chain mail of Crawling {-Tele rN+ Int+8
                  | Slay-4}
 27864 | Orc:1    | Upgraded the game from 0.04-10-g8a6d0ff729 to
                  | 0.04.11-10-gf7304a76c8
 28736 | Swamp:2  | Noticed Nikola
 28820 | Swamp:2  | Killed Nikola
 28820 | Swamp:2  | Identified the +4 flail of Destiny {freeze, MR++ Dex+5
                  | Stlth+} (Okawaru gifted it to you on level 2 of the Swamp)
 28820 | Swamp:2  | Received a gift from Okawaru
 28883 | Swamp:2  | Found a runed translucent gate.
 28883 | Swamp:2  | Found a runed translucent gate.
 28883 | Swamp:2  | Found a runed translucent gate.
 28889 | Swamp:2  | Noticed pleonasm's ghost (adept OgBe)
 29265 | Swamp:3  | Found a transporter.
 29435 | Swamp:3  | Lost mutation: You are cold resistant. (rC+) [potion of
                  | mutation]
 29435 | Swamp:3  | Lost mutation: You have a pair of horns on your head.
                  | [potion of mutation]
 29480 | Swamp:3  | Noticed Circe
 29503 | Swamp:3  | Killed Circe
 29558 | Swamp:3  | Reached XP level 18. HP: 197/197 MP: 24/24
 29597 | Swamp:3  | Found a transporter.
 29599 | Swamp:3  | Received a gift from Okawaru
 29602 | Swamp:3  | Identified the amulet "Ecuoga" {Acrobat rF+ Str-2 Int+2}
 29606 | Swamp:3  | Identified the ring of Xieshu {rPois MR+ EV+5 Int-3}
 29974 | Swamp:4  | Entered Level 4 of the Swamp
 30422 | Swamp:4  | Identified the +6 centaur barding of the Unseen Realm {rF+
                  | Dex+4 Stlth-} (Okawaru gifted it to you on level 4 of the
                  | Swamp)
 30422 | Swamp:4  | Received a gift from Okawaru
 30576 | Swamp:4  | Noticed the 27-headed Lernaean hydra
 30749 | Swamp:4  | Killed the 27-headed Lernaean hydra
 30819 | Swamp:4  | Got a decaying rune of Zot
 31229 | Vaults:1 | Entered Level 1 of the Vaults
 31353 | Vaults:1 | Lost mutation: You are agile. (Dex +2) [potion of mutation]
 31353 | Vaults:1 | Gained mutation: You are frail. (-10% HP) [potion of
                  | mutation]
 31664 | Vaults:1 | Gained mutation: You are partially covered in large bone
                  | plates. (SH +4) [potion of mutation]
 31664 | Vaults:1 | Lost mutation: You are frail. (-10% HP) [potion of
                  | mutation]
 31690 | Vaults:1 | Found a runed translucent door.
 31746 | Vaults:1 | Found a shimmering altar of Xom.
 31746 | Vaults:1 | Noticed Bailed's ghost (veteran MiMo)
 31754 | Vaults:1 | Received a gift from Okawaru
 32011 | Vaults:1 | Gained mutation: You expend magic power (3 MP) to
                  | strengthen your wands. [potion of mutation]
 32740 | Vaults:1 | Killed Bailed's ghost
 32872 | Vaults:2 | Found a magical portal.
 32885 | Vaults:2 | Found Juraacoll's Gadget Shoppe.
 32898 | WizLab   | Found a transporter.
 32901 | WizLab   | Found a corrupted altar of Lugonu.
 32902 | WizLab   | Found the +2 cloak of the Thief {+Fog Slay-2 +Vis Stlth+}
 32946 | WizLab   | Found a transporter.
 32946 | WizLab   | Found a transporter.
 32998 | WizLab   | Reached XP level 19. HP: 206/206 MP: 25/25
 33010 | WizLab   | Found a transporter.
 33039 | WizLab   | Found a corrupted altar of Lugonu.
 33048 | WizLab   | Found a transporter.
 33083 | WizLab   | Found a transporter.
 33207 | WizLab   | Found a transporter.
 33216 | WizLab   | Found a transporter.
 33337 | WizLab   | Found a transporter.
 33398 | WizLab   | Found a transporter.
 33398 | WizLab   | Found a transporter.
 33433 | WizLab   | Found a transporter.
 33488 | WizLab   | Identified the +1 cloak of Gienor {MR+}
 33499 | WizLab   | Identified the Papyrus of the Traveller
 33506 | WizLab   | Gained mutation: You are agile. (Dex +2) [potion of
                  | mutation]
 33511 | WizLab   | Found a transporter.
 33557 | WizLab   | Found a transporter.
 33588 | WizLab   | Found a transporter.
 33588 | WizLab   | Found a transporter.
 33613 | WizLab   | Found a transporter.
 33650 | WizLab   | Found a transporter.
 33650 | WizLab   | Found a transporter.
 33678 | WizLab   | Found a corrupted altar of Lugonu.
 33680 | WizLab   | Found a transporter.
 33832 | Vaults:2 | Lost mutation: You often lose your temper in combat.
                  | [potion of mutation]
 33832 | Vaults:2 | Lost mutation: You expend magic power (3 MP) to strengthen
                  | your wands. [potion of mutation]
 33832 | Vaults:2 | Lost mutation: You tend to lose your temper in combat.
                  | [potion of mutation]
 33832 | Vaults:2 | Lost mutation: You are covered in thick fur. (AC +2)
                  | [potion of mutation]
 33832 | Vaults:2 | Lost mutation: You have a pair of small horns on your head.
                  | [potion of mutation]
 33833 | Vaults:2 | Gained mutation: You are partially covered in thin metallic
                  | scales. (AC +2) [potion of mutation]
 33834 | Vaults:2 | Gained mutation: You possess an exceptional clarity of
                  | mind. [potion of mutation]
 33971 | Vaults:2 | Identified the cursed +5 quarterstaff "Newtbane" {elec,
                  | Str+4, (Curse: *Drain *Slow)}
 34098 | Vaults:2 | Found a staircase to the Crypt.
 34098 | Vaults:2 | Found an ancient bone altar of Kikubaaqudgha.
 34099 | Vaults:2 | Found a basalt altar of Yredelemnul.
 34334 | Vaults:2 | Received a gift from Okawaru
 34468 | Vaults:2 | Bought a lamp of fire for 560 gold pieces
 34694 | Vaults:2 | Identified the cursed ring of Muilesel {rN+ Int+6 Dex-5,
                  | (Curse: Fragile)}
 34733 | Vaults:2 | Identified the +8 mace "Ogreslayer" {acid, +Blink +Vis}
 35164 | Vaults:3 | Found a radiant altar of Vehumet.
 35557 | Vaults:3 | Received a gift from Okawaru
 35601 | Vaults:3 | Identified the cursed amulet "Ogaqerul" {Spirit *Drain
                  | Dex+5, (Curse: Fragile)}
 35943 | Vaults:3 | Identified the cursed ring "Viun" {Fire +Blink, (Curse:
                  | Fragile)}
 36159 | Vaults:4 | Identified the cursed ring "Wisulet" {rElec Str+3 Dex+3
                  | Stlth+, (Curse: Fragile MR-)}
 36236 | Vaults:4 | Identified the +2 robe "Poriri" {-Tele rElec rF++ rC+}
                  | (Okawaru gifted it to you on level 4 of the Vaults)
 36236 | Vaults:4 | Received a gift from Okawaru
 36897 | Vaults:4 | Reached XP level 20. HP: 217/217 MP: 27/27
 37438 | Crypt:1  | Entered Level 1 of the Crypt
 38410 | Crypt:1  | Upgraded the game from 0.04.11-10-gf7304a76c8 to
                  | 0.04.11-12-g2372ce9741
 39420 | Crypt:2  | Reached skill level 10 in Evocations
 39427 | Crypt:2  | Received a gift from Okawaru
 39867 | Crypt:2  | Reached skill level 10 in Dodging
 40099 | Crypt:2  | Identified the Catalogue of Heat
 40412 | Crypt:3  | Entered Level 3 of the Crypt
 40412 | Crypt:3  | Identified the +1 ring mail of Cowardice {rElec MR+ Slay+3}
 40901 | Crypt:3  | Received a gift from Okawaru
 41114 | Crypt:3  | Received a gift from Okawaru
 41191 | Crypt:3  | Reached skill level 10 in Armour
 41272 | Crypt:3  | Found an ancient bone altar of Kikubaaqudgha.
 41272 | Crypt:3  | Found a basalt altar of Yredelemnul.
 41272 | Crypt:3  | Noticed a curse toe
 41303 | Crypt:3  | Killed a curse toe
 41629 | Crypt:3  | Found a staircase to the Tomb.
 41776 | Crypt:3  | Found an ancient bone altar of Kikubaaqudgha.
 41915 | Crypt:3  | Identified the +3 staff of Laceration {chaos, life; Int+4}
 41945 | Crypt:3  | Identified the cursed ring of Ymiunone {rN+ Int+5, (Curse:
                  | Str-4)}
 42216 | Depths:1 | Entered Level 1 of the Depths
 42236 | Depths:1 | Reached XP level 21. HP: 228/228 MP: 29/29
 42266 | Depths:1 | Found Quraef's Jewellery Shoppe.
 42270 | Depths:1 | Bought the ring "Pihojas" {rElec rN+ Dex+7} for 876 gold
                  | pieces
 42495 | Depths:1 | Found a corrupted altar of Lugonu.
 42499 | Depths:1 | Found Tesifoeg's Distillery.
 42632 | Depths:1 | Bought a potion of resistance for 220 gold pieces
 42632 | Depths:1 | Bought a potion of mutation for 55 gold pieces
 42632 | Depths:1 | Bought a potion of cancellation for 176 gold pieces
 42632 | Depths:1 | Bought 2 potions of heal wounds for 220 gold pieces
 42632 | Depths:1 | Bought a potion of haste for 220 gold pieces
 42632 | Depths:1 | Bought a potion of heal wounds for 110 gold pieces
 42632 | Depths:1 | Bought 2 potions of curing for 132 gold pieces
 42632 | Depths:1 | Bought a potion of mutation for 55 gold pieces
 42632 | Depths:1 | Bought a potion of curing for 66 gold pieces
 42632 | Depths:1 | Bought a potion of mutation for 55 gold pieces
 42804 | Depths:1 | Received a gift from Okawaru
 42823 | Depths:1 | Found a gateway to a ziggurat.
 42922 | Depths:1 | Found a one-way gate to the infinite horrors of the Abyss.
 43096 | Depths:1 | Found a gateway to Hell.
 43553 | Depths:1 | Identified the +8 scutum of Undesirable Species {+Blink
                  | rPois MR+ Stlth+} (Okawaru gifted it to you on level 1 of
                  | the Depths)
 43553 | Depths:1 | Received a gift from Okawaru
 44605 | Depths:2 | Received a gift from Okawaru
 45002 | Depths:2 | Identified the amulet of Vodow {Harm *Drain Str+4}
 45073 | Depths:2 | Noticed a golden dragon
 45091 | Depths:2 | Killed a golden dragon
 45125 | Depths:2 | Received a gift from Okawaru
 45156 | Depths:2 | Reached XP level 22. HP: 89/241 MP: 16/31
 45158 | Depths:2 | Noticed the Enchantress
 45245 | Depths:2 | Identified the +7 swamp dragon scales of Existentialism
                  | {rElec rPois}
 45336 | Depths:2 | Killed the Enchantress
 46186 | Depths:3 | Received a gift from Okawaru
 46220 | Depths:3 | Reached skill level 15 in Unarmed Combat
 46367 | Depths:3 | Found a one-way gate leading to the halls of Pandemonium.
 46732 | Depths:3 | Identified the +7 nunchaku of Defenestration {freeze,
                  | *Contam rN++ Int+3} (Okawaru gifted it to you on level 3 of
                  | the Depths)
 46732 | Depths:3 | Received a gift from Okawaru
 48360 | Depths:4 | Received a gift from Okawaru
 48554 | Depths:4 | Reached skill level 15 in Invocations
 48925 | Depths:4 | Identified the +0 centaur barding of Okawaru's Outrage
                  | {rN+} (Okawaru gifted it to you on level 4 of the Depths)
 48925 | Depths:4 | Received a gift from Okawaru
 49192 | Depths:4 | Reached skill level 15 in Fighting
 49202 | Depths:4 | Reached skill level 20 in Slings
 49202 | Depths:4 | Reached XP level 23. HP: 245/253 MP: 31/33
 49360 | Depths:5 | Entered Level 5 of the Depths
 49427 | Depths:5 | Found Loeguxu's Distillery.
 49436 | Depths:5 | Bought a potion of mutation for 40 gold pieces
 49436 | Depths:5 | Bought a potion of heal wounds for 80 gold pieces
 49436 | Depths:5 | Bought a potion of haste for 160 gold pieces
 49436 | Depths:5 | Bought a potion of might for 64 gold pieces
 49436 | Depths:5 | Bought a potion of might for 64 gold pieces
 49436 | Depths:5 | Bought a potion of invisibility for 128 gold pieces
 49436 | Depths:5 | Bought 2 potions of curing for 96 gold pieces
 49436 | Depths:5 | Bought a potion of berserk rage for 80 gold pieces
 49436 | Depths:5 | Bought a potion of curing for 48 gold pieces
 49436 | Depths:5 | Bought a potion of might for 64 gold pieces
 49436 | Depths:5 | Bought a potion of curing for 48 gold pieces
 49436 | Depths:5 | Bought a potion of mutation for 40 gold pieces
 49729 | Depths:5 | Found Amigok's Book Shoppe.
 49750 | Depths:5 | Identified the cursed ring "Xollani" {rCorr Str+6 Dex+2,
                  | (Curse: Fragile rC-)}
 49778 | Depths:5 | Noticed Sojobo
 49788 | Depths:5 | Killed Sojobo
 49797 | Depths:5 | Received a gift from Okawaru
 49921 | Depths:5 | Reached skill level 21 in Slings
 49972 | Depths:5 | Found a gate to the Realm of Zot.
 50013 | Depths:5 | Identified the cursed ring "Pemomur" {rC+ Str+5 Dex+4,
                  | (Curse: rF-)}
 50075 | Depths:5 | Gained mutation: Your spells are a little harder to cast,
                  | but a little more powerful. [potion of mutation]
 50114 | Depths:5 | Identified the +6 fustibalus of the Revolution {freeze,
                  | rElec Str+7 Int+6 Dex-2}
 50182 | Depths:5 | Found Bananlol's Gadget Boutique.
 50190 | Depths:5 | Bought a wand of acid (9) for 546 gold pieces
 50220 | Depths:5 | Identified the +3 robe of Sunygoin {Int+2} (Okawaru gifted
                  | it to you on level 5 of the Depths)
 50220 | Depths:5 | Received a gift from Okawaru
 50292 | Depths:5 | Identified the ring "Tuyzir" {Wiz rF+ +Vis}
 50506 | Depths:5 | Identified the cursed ring "Tamn" {rElec rPois rC+ rN+
                  | Stlth+, (Curse: *Contam)}
 50762 | Depths:1 | Bought an uncursed ring of resist corrosion for 360 gold
                  | pieces
 51319 | Slime:1  | Entered Level 1 of the Pits of Slime
 51324 | Slime:1  | Reached skill level 22 in Slings
 51532 | Slime:1  | Found a viscous altar of Jiyva.
 51774 | Slime:4  | Identified the +3 centaur barding of Sousirph {rCorr
                  | Stlth+} (Okawaru gifted it to you on level 4 of the Pits of
                  | Slime)
 51774 | Slime:4  | Received a gift from Okawaru
 52243 | D:7      | Bought a scroll of enchantment for 90 gold pieces
 52243 | D:7      | Bought a scroll of enchantment for 90 gold pieces
 52243 | D:7      | Bought a scroll of bless item for 360 gold pieces
 52553 | Slime:2  | Reached XP level 24. HP: 267/267 MP: 33/33
 52896 | Slime:5  | Entered Level 5 of the Pits of Slime
 52926 | Slime:5  | Identified the +5 fustibalus of Deflation {molten, Str+5
                  | Int-2} (Okawaru gifted it to you on level 5 of the Pits of
                  | Slime)
 52926 | Slime:5  | Received a gift from Okawaru
 52929 | Slime:5  | Noticed the Royal Jelly
 52931 | Slime:5  | Killed the Royal Jelly
 52931 | Slime:5  | Noticed the Royal Jelly
 52935 | Slime:5  | Killed the Royal Jelly
 52935 | Slime:5  | Noticed the Royal Jelly
 52943 | Slime:5  | Killed the Royal Jelly
 53562 | Slime:4  | Gained mutation: You are frail. (-10% HP) [a shining eye]
 53649 | Slime:4  | Received a gift from Okawaru
 53756 | Slime:4  | Gained mutation: You are dopey. (Int -2) [a shining eye]
 54116 | Slime:5  | Received a gift from Okawaru
 54119 | Slime:5  | Gained mutation: Your poor vision makes scrolls take longer
                  | to read and aiming more difficult. [a shining eye]
 54130 | Slime:5  | Lost mutation: You are frail. (-10% HP) [potion of
                  | mutation]
 54130 | Slime:5  | Gained mutation: Your body sometimes deteriorates upon
                  | taking damage. [potion of mutation]
 54131 | Slime:5  | Gained mutation: Your body often deteriorates upon taking
                  | damage. [potion of mutation]
 54132 | Slime:5  | Gained mutation: You expend magic power (3 MP) to
                  | strengthen your wands. [potion of mutation]
 54132 | Slime:5  | Gained mutation: You are resistant to hostile enchantments.
                  | (MR+) [potion of mutation]
 54135 | Slime:5  | Gained mutation: You have a pair of small antennae on your
                  | head. [potion of mutation]
 54136 | Slime:5  | Lost mutation: You are agile. (Dex +2) [potion of mutation]
 54137 | Slime:5  | Lost mutation: You have a pair of small antennae on your
                  | head. [potion of mutation]
 54138 | Slime:5  | Gained mutation: Your magical capacity is low. (-10% MP)
                  | [potion of mutation]
 54138 | Slime:5  | Gained mutation: You are somewhat resistant to further
                  | mutation. [potion of mutation]
 54139 | Slime:5  | Gained mutation: You can translocate small distances at
                  | will. [potion of mutation]
 54231 | Slime:5  | Got a cracked rune of Zot
 54241 | Slime:5  | Identified the amulet "Meschodye" {Harm *Drain MP+9 Int+4
                  | Dex+2 +Vis}
 54837 | Temple   | Fell from the grace of Okawaru
 54837 | Temple   | Became a worshipper of Zin the Law-Giver
 54837 | Temple   | Reached * piety under Zin
 54837 | Temple   | Reached ** piety under Zin
 55026 | Depths:1 | Voluntarily entered the Abyss.
 55071 | Abyss:1  | Found a sacrificial altar of Ru.
 55138 | Abyss:1  | Reached *** piety under Zin
 55233 | Abyss:1  | Identified the +7 triple sword of the Moon {molten, rPois
                  | Str+3}
 55355 | Abyss:1  | Donated 767 gold pieces to Zin
 55410 | Abyss:1  | Reached **** piety under Zin
 55752 | Abyss:2  | Found a stormy altar of Qazlal.
 55822 | Abyss:3  | Found a corrupted altar of Lugonu.
 55852 | Abyss:3  | Found a corrupted altar of Lugonu.
 55895 | Abyss:3  | Reached ***** piety under Zin
 55912 | Abyss:3  | Identified the +3 staff "Beastslayer" {accurate, earth;
                  | rPois AC+5 Stlth+}
 56109 | Abyss:3  | Reached XP level 25. HP: 281/281 MP: 29/29
 56281 | Abyss:4  | Identified the +3 scale mail "Qimeush" {Dex+3}
 56281 | Abyss:4  | Found a corrupted altar of Lugonu.
 56405 | Abyss:4  | Found a corrupted altar of Lugonu.
 56605 | Abyss:4  | Found a corrupted altar of Lugonu.
 56650 | Abyss:5  | Entered Level 5 of the Abyss
 56717 | Abyss:5  | Identified the cursed +9 dagger "Hanathro" {venom, rPois
                  | rF+ MR+ Int+2, (Curse: -Vis rC-)}
 56805 | Abyss:5  | Found a corrupted altar of Lugonu.
 56873 | Abyss:5  | Found a corrupted altar of Lugonu.
 57208 | Depths:1 | Escaped the Abyss
 57230 | Depths:1 | Voluntarily entered the Abyss.
 57234 | Abyss:1  | Noticed an ancient lich
 57247 | Abyss:1  | Killed an ancient lich
 57461 | Abyss:1  | Found a hazy altar of Hepliaklqana.
 57540 | Abyss:1  | Reached ****** piety under Zin
 57616 | Abyss:2  | Found a corrupted altar of Lugonu.
 57890 | Abyss:2  | Found a corrupted altar of Lugonu.
 57891 | Abyss:2  | Donated 507 gold pieces to Zin
 58132 | Abyss:3  | Identified the +9 mangonel of Umozolo {molten, rC+}
 58229 | Abyss:3  | Found a sacrificial altar of Ru.
 58279 | Abyss:3  | Identified the cursed ring of Fecoap {*Corrode rPois rN+
                  | Int+3, (Curse: Fragile MP-9)}
 58375 | Abyss:4  | Got an abyssal rune of Zot
 58385 | Abyss:4  | Reached XP level 26. HP: 264/295 MP: 30/30
 58388 | Abyss:5  | Entered Level 5 of the Abyss
 58436 | Depths:1 | Escaped the Abyss
 58669 | Vaults:5 | Entered Level 5 of the Vaults
 58669 | Vaults:5 | Identified the cursed ring of the Oligarchy {rF++ AC+5
                  | Int-5, (Curse: Fragile)}
 58674 | Vaults:5 | Noticed Saint Roka
 58686 | Vaults:5 | Identified the cursed ring of Abstinence {+Blink AC+5
                  | Dex+5, (Curse: Fragile Str-3)}
 58696 | Vaults:4 | Killed Saint Roka
 58942 | Vaults:5 | Identified the cursed ring of Serendipity {AC+5 Str+4
                  | Int+3, (Curse: *Drain Fragile MR-)}
 58942 | Vaults:5 | Noticed Frederick
 58947 | Vaults:5 | Killed Frederick
 59043 | Vaults:5 | Identified the +6 spear of Infinity {protect, MR+ Str+2
                  | Dex+2}
 59067 | Vaults:5 | Reached skill level 23 in Slings
 59584 | Vaults:5 | Identified the cursed amulet "Ikowk" {Reflect rPois rN++
                  | SH+5, (Curse: Fragile rC-)}
 59814 | Vaults:5 | Got a silver rune of Zot
 60003 | Vaults:5 | Identified the +6 mace of Wyhel {freeze, rF+ MR+}
 60037 | Vaults:5 | Identified Sif Muna's Volume of the Arsonist
 60106 | Vaults:5 | Identified the cursed ring "Toenwy" {rPois Int+5 Dex+3 +Vis
                  | Stlth+, (Curse: *Corrode)}
 60305 | Vaults:5 | Identified the cursed +10 heater shield "Osty" {rF++ MR+
                  | Str+4, (Curse: *Tele *Drain)}
 60326 | Vaults:5 | Found Yckuenai's Jewellery Boutique.
 60602 | Orc:1    | Bought a potion of curing for 39 gold pieces
 60602 | Orc:1    | Bought a potion of curing for 39 gold pieces
 60602 | Orc:1    | Bought a potion of agility for 52 gold pieces
 60602 | Orc:1    | Bought a potion of mutation for 32 gold pieces
 60602 | Orc:1    | Bought a potion of mutation for 32 gold pieces
 60602 | Orc:1    | Bought 2 potions of curing for 78 gold pieces
 60662 | Elf:1    | Entered Level 1 of the Elven Halls
 60717 | Elf:1    | Found a radiant altar of Vehumet.
 60862 | Elf:1    | Noticed Donald
 60869 | Elf:1    | Killed Donald
 60957 | Elf:1    | Noticed Louise
 60965 | Elf:1    | Killed Louise
 61030 | Elf:1    | Identified Sif Muna's Handbook of Clay
 61144 | Elf:1    | Noticed Asterion
 61154 | Elf:1    | Killed Asterion
 61245 | Elf:1    | Found Esivoru's Antique Weapon Emporium.
 62011 | Elf:2    | Found Budoeroasa's Bounteous Boutique.
 62035 | Elf:2    | Bought a scroll of blinking for 127 gold pieces
 62035 | Elf:2    | Bought a potion of beneficial mutation for 595 gold pieces
 62100 | Elf:2    | Was forgiven by Okawaru
 62273 | Elf:2    | Found a runed translucent gate.
 62273 | Elf:2    | Found a runed translucent gate.
 62274 | Elf:2    | Found a runed translucent gate.
 62364 | Elf:2    | Reached XP level 27. HP: 304/304 MP: 31/31
 62540 | Elf:2    | Reached skill level 24 in Slings
 62786 | Elf:3    | Entered Level 3 of the Elven Halls
 62820 | Elf:3    | Found a portal to a secret trove of treasure.
 62966 | Elf:3    | Found Xuibomp's Weapon Shop.
 62997 | Elf:3    | Lost mutation: Your body often deteriorates upon taking
                  | damage. [potion of mutation]
 62997 | Elf:3    | Lost mutation: You can translocate small distances at will.
                  | [potion of mutation]
 62997 | Elf:3    | Lost mutation: Your magical capacity is low. (-10% MP)
                  | [potion of mutation]
 62997 | Elf:3    | Lost mutation: You are somewhat resistant to further
                  | mutation. [potion of mutation]
 62997 | Elf:3    | Lost mutation: Your body sometimes deteriorates upon taking
                  | damage. [potion of mutation]
 62997 | Elf:3    | Lost mutation: You expend magic power (3 MP) to strengthen
                  | your wands. [potion of mutation]
 62997 | Elf:3    | Lost mutation: Your spells are a little harder to cast, but
                  | a little more powerful. [potion of mutation]
 62998 | Elf:3    | Donated 342 gold pieces to Zin
 62999 | Elf:3    | Donated 171 gold pieces to Zin
 63000 | Elf:3    | Donated 86 gold pieces to Zin
 63001 | Elf:3    | Donated 43 gold pieces to Zin
 63356 | Elf:3    | Identified the +3 triple sword of the Salmon {holy, rF- MR+
                  | Str+3}
 63583 | Elf:3    | Identified the cursed +6 fustibalus "Foismim" {venom, rElec
                  | MR+ Dex+4 Stlth+, (Curse: rF-)}
 63593 | Elf:3    | Identified Miapezet's Grimoire of the Blaze
 63644 | Elf:3    | Identified the +6 staff of Beogh's Scorn {shield, tMut;
                  | -Tele rElec rF+ Int+4}
 63660 | Elf:3    | Identified the cursed +11 morningstar of Eroqo {crush, rC+
                  | rN+ Str+2, (Curse: rF-)}
 63661 | Elf:3    | Identified the +1 great mace "Ogre's Nightmare" {vamp, rF+}
 63676 | Elf:3    | Identified the Compendium of the Blaze
 63728 | Elf:3    | Identified the -3 pair of boots of Qoymuo Wagu {rPois
                  | Str+4}
 63729 | Elf:3    | Identified the +0 ring mail "Upnir" {+Inv rC+ rCorr MP-9}
 63729 | Elf:3    | Identified the +10 battleaxe "Roawiurr" {chop, *Rage rElec
                  | rPois Dex+2}
 63733 | Elf:3    | Identified the +7 club of Jutia {freeze, Fragile rElec
                  | rPois}
 64392 | Snake:2  | Bought a scroll of enchantment for 120 gold pieces
 64400 | Snake:2  | Bought a scroll of magic mapping for 59 gold pieces
 64400 | Snake:2  | Bought a scroll of enchantment for 127 gold pieces
 64400 | Snake:2  | Bought a scroll of holy word for 127 gold pieces
 64400 | Snake:2  | Bought a scroll of fog for 34 gold pieces
 64400 | Snake:2  | Bought a scroll of immolation for 59 gold pieces
 64821 | Elf:3    | You paid a toll of +4 fire dragon scales to enter a
                  | treasure trove
 64822 | Trove    | Entered a treasure trove
 64825 | Trove    | Identified the +0 centaur barding of Impatience {rCorr}
 64825 | Trove    | Identified the +1 robe of the Ward {rPois Int+4}
 64825 | Trove    | Identified the +5 fire dragon scales of Pawkeb {*Corrode
                  | rPois rF++ rC- MR+}
 64825 | Trove    | Found the +5 robe of Misfortune {*Contam Harm *Corrode
                  | *Drain *Slow EV+5}
 64834 | Trove    | Identified the +3 ring mail of Ydereg {Dex+3}
 64834 | Trove    | Identified the +1 centaur barding of Shadows and Fog {rPois
                  | Str+2 Int+4}
 64847 | Trove    | Found the +2 ratskin cloak {+Rats rPois rN+ Str-1 Int-1
                  | Dex+1}
 65096 | Hell     | Entered the Vestibule of Hell
 65096 | Hell     | Noticed Geryon
 65289 | Hell     | Killed Geryon
 65489 | Hell     | Reached skill level 25 in Slings
 65633 | Hell     | Found a gateway to the Iron City of Dis.
 65696 | Hell     | Found a gateway to the decaying netherworld of Tartarus.
 65803 | Hell     | Found a gateway to the freezing wastes of Cocytus.
 65959 | Hell     | Found a gateway to the ashen valley of Gehenna.
 65975 | Geh:1    | Entered Level 1 of Gehenna
 66073 | Geh:2    | Identified the cursed ring of Jaodgheeh {rN+ MP-9 Str+7,
                  | (Curse: Fragile rF-)}
 66727 | Geh:6    | Identified the cursed ring "Gangenk" {AC+5 Str+3, (Curse:
                  | Fragile)}
 66965 | Geh:7    | Entered Level 7 of Gehenna
 67328 | Geh:7    | Found the ring of Phasing {EV+8 Dex+5}
 67328 | Geh:7    | Identified the +3 ring mail of Leapfrog {rC+ MR+ Dex+3}
 67341 | Geh:7    | Identified the Tome of the Turnip
 67343 | Geh:7    | Identified Sif Muna's Disquisition on Flames
 67382 | Geh:7    | Found the +7 sceptre of Asmodeus
 67382 | Geh:7    | Noticed Asmodeus
 67406 | Geh:7    | Killed Asmodeus
 67434 | Geh:7    | Got an obsidian rune of Zot
 67576 | Dis:1    | Entered Level 1 of the Iron City of Dis
 68810 | Dis:6    | You fall into a shaft and drop 1 floor!
 68810 | Dis:7    | Entered Level 7 of the Iron City of Dis
 69045 | Dis:7    | Identified the cursed amulet "Fixka" {Spirit rN+, (Curse:
                  | Fragile rC-)}
 69296 | Dis:7    | Found the +4 staff of Dispater
 69296 | Dis:7    | Noticed Dispater
 69317 | Dis:7    | Killed Dispater
 69351 | Dis:7    | Identified the cursed +0 staff of Cobwebs {chaos, fire;
                  | *Drain rF+ Str+4, (Curse: MR-)}
 69365 | Dis:7    | Got an iron rune of Zot
 69518 | Dis:7    | Noticed the Serpent of Hell
 69906 | Temple   | Fell from the grace of Zin
 69906 | Temple   | Became a worshipper of the Shining One
 69906 | Temple   | Reached * piety under the Shining One
 69906 | Temple   | Reached ** piety under the Shining One
 69906 | Temple   | Reached *** piety under the Shining One
 69907 | Temple   | Lost mutation: Your poor vision makes scrolls take longer
                  | to read and aiming more difficult. [potion of mutation]
 69907 | Temple   | Gained mutation: You are resistant to electric shocks.
                  | (rElec) [potion of mutation]
 69907 | Temple   | Gained mutation: You are clumsy. (Dex -2) [potion of
                  | mutation]
 69910 | Temple   | Gained mutation: You evolve. [potion of mutation]
 69910 | Temple   | Gained mutation: You are cold resistant. (rC+) [potion of
                  | mutation]
 69910 | Temple   | Gained mutation: You can translocate small distances at
                  | will. [potion of mutation]
 69911 | Temple   | Gained mutation: You are weak. (Str -2) [potion of
                  | mutation]
 69913 | Temple   | Gained mutation: You expend magic power (3 MP) to
                  | strengthen your wands. [potion of mutation]
 69913 | Temple   | Lost mutation: You are clumsy. (Dex -2) [potion of
                  | mutation]
 69914 | Temple   | Gained mutation: You are agile. (Dex +2) [potion of
                  | mutation]
 69915 | Temple   | Lost mutation: You are weak. (Str -2) [potion of mutation]
 69916 | Temple   | Lost mutation: You are cold resistant. (rC+) [potion of
                  | mutation]
 69917 | Temple   | Lost mutation: You are agile. (Dex +2) [potion of mutation]
 69918 | Temple   | Lost mutation: You expend magic power (3 MP) to strengthen
                  | your wands. [potion of mutation]
 69918 | Temple   | Lost mutation: You possess an exceptional clarity of mind.
                  | [potion of mutation]
 69918 | Temple   | Gained mutation: You passively map a small area around you.
                  | [potion of mutation]
 69919 | Temple   | Lost mutation: You are resistant to hostile enchantments.
                  | (MR+) [potion of mutation]
 69919 | Temple   | Gained mutation: Your magical capacity is low. (-10% MP)
                  | [potion of mutation]
 69920 | Temple   | Gained mutation: You are frail. (-10% HP) [potion of
                  | mutation]
 69920 | Temple   | Lost mutation: You are dopey. (Int -2) [potion of mutation]
 69921 | Temple   | Lost mutation: You are frail. (-10% HP) [potion of
                  | mutation]
 69921 | Temple   | Gained mutation: You are weak. (Str -2) [potion of
                  | mutation]
 69921 | Temple   | Gained mutation: You are dopey. (Int -2) [potion of
                  | mutation]
 69922 | Temple   | Gained mutation: You have a beak for a mouth. [potion of
                  | mutation]
 69922 | Temple   | Gained mutation: You have supernaturally acute eyesight.
                  | (+Vis) [potion of mutation]
 69923 | Temple   | Lost mutation: You can translocate small distances at will.
                  | [potion of mutation]
 69923 | Temple   | Lost mutation: You are weak. (Str -2) [potion of mutation]
 69923 | Temple   | Gained mutation: Your body sometimes deteriorates upon
                  | taking damage. [potion of mutation]
 69924 | Temple   | Gained mutation: Your skin changes colour to match your
                  | surroundings (Stealth+). [potion of mutation]
 70125 | Tar:1    | Entered Level 1 of Tartarus
 70167 | Tar:1    | Reached **** piety under the Shining One
 70216 | Tar:2    | Reached ***** piety under the Shining One
 70427 | Tar:4    | You fall into a shaft and drop 2 floors!
 70539 | Tar:6    | Reached ****** piety under the Shining One
 70587 | Tar:7    | Entered Level 7 of Tartarus
 70629 | Tar:7    | Reached skill level 26 in Slings
 70971 | Tar:7    | Identified the cursed ring "Huklem" {rC+ Int+7 Stlth-,
                  | (Curse: Fragile)}
 71017 | Tar:7    | Found the +10 sword of jihad {holy, *Rage rN+ EV+3}
 71028 | Tar:7    | Identified the +4 executioner's axe of the Viper
                  | {antimagic, Str+2 Dex+3}
 71037 | Tar:7    | Identified the ring "Jadwen" {rN+ Dex+2}
 71095 | Tar:7    | Identified Qule's Almanac of Heat
 71273 | Tar:7    | Identified the +8 long sword of Keikaufeun {acid, Int+3}
 71274 | Tar:7    | Identified the cursed +10 scutum of the Boiling Point
                  | {Stlth+, (Curse: *Contam rC-)}
 71363 | Tar:7    | Identified the cursed ring of Beddurr {rPois rF++ Int-4
                  | +Vis Stlth-, (Curse: *Tele)}
 71439 | Tar:7    | Identified the ring "Bis Doir" {*Corrode rElec rC+ AC+5
                  | +Vis}
 71840 | Tar:7    | Reached skill level 27 in Slings
 71842 | Tar:7    | Noticed Ereshkigal
 71865 | Tar:7    | Killed Ereshkigal
 71886 | Tar:7    | Got a bone rune of Zot
 72005 | Coc:1    | Entered Level 1 of Cocytus
 72293 | Coc:2    | You fall into a shaft and drop 1 floor!
 73096 | Coc:4    | You fall into a shaft and drop 2 floors!
 73612 | Coc:7    | Entered Level 7 of Cocytus
 73883 | Coc:7    | Identified the +9 great sword of Loxzag {slice, rN+ MR+}
 73883 | Coc:7    | Found the +5 robe of Night {Dark MR+ +Vis}
 73883 | Coc:7    | Identified the cursed +5 hammer of Hubris {vamp, rN+ Str+5
                  | Dex-5, (Curse: MR-)}
 73883 | Coc:7    | Identified the ring "Qoac" {rN+ Int+2}
 74256 | Coc:7    | Noticed Antaeus
 74273 | Coc:7    | Killed Antaeus
 74287 | Coc:7    | Identified the cursed ring of the Raven {rPois rN+ Int+4
                  | Dex+7 Stlth-, (Curse: Str-3)}
 74302 | Coc:7    | Identified the Disquisition on the Volcanoes
 74309 | Coc:7    | Got an icy rune of Zot
 74336 | Coc:7    | Reached skill level 10 in Shields
 74626 | Zot:1    | Entered Level 1 of the Realm of Zot
 74627 | Zot:1    | Noticed an orb of fire
 74647 | Zot:1    | Killed an orb of fire
 74831 | Zot:1    | Lost mutation: Your magical capacity is low. (-10% MP)
                  | [potion of mutation]
 74831 | Zot:1    | Lost mutation: Your body sometimes deteriorates upon taking
                  | damage. [potion of mutation]
 74831 | Zot:1    | Lost mutation: You passively map a small area around you.
                  | [potion of mutation]
 74831 | Zot:1    | Lost mutation: You evolve. [potion of mutation]
 74831 | Zot:1    | Lost mutation: You are resistant to electric shocks.
                  | (rElec) [potion of mutation]
 74856 | Zot:1    | Lost mutation: You are partially covered in thin metallic
                  | scales. (AC +2) [potion of mutation]
 75656 | Zot:2    | Identified Sophisticated Spellcasting
 75808 | Zot:2    | Noticed an orb of fire
 75816 | Zot:2    | Killed an orb of fire
 75886 | Zot:2    | Noticed an orb of fire
 75894 | Zot:2    | Killed an orb of fire
 76143 | Zot:3    | Lost mutation: You are partially covered in large bone
                  | plates. (SH +4) [potion of mutation]
 76143 | Zot:3    | Gained mutation: You have an increased reservoir of magic.
                  | (+10% MP) [potion of mutation]
 76143 | Zot:3    | Lost mutation: You have an increased reservoir of magic.
                  | (+10% MP) [potion of mutation]
 76776 | Zot:4    | Noticed an ancient lich
 76787 | Zot:4    | Killed an ancient lich
 77018 | Zot:4    | Identified the cursed ring of Dynla {+Inv Stlth-, (Curse:
                  | *Drain Fragile rF-)}
 77202 | Zot:5    | Entered Level 5 of the Realm of Zot
 77214 | Zot:5    | Identified the cursed amulet of Xom's Displeasure {-Vis
                  | rElec, (Curse: Fragile)}
 77269 | Zot:5    | Identified the cursed ring "Hefer" {*Tele *Corrode +Blink
                  | rC++ Str-2, (Curse: Fragile rF- Int-5)}
 77363 | Zot:5    | Gained mutation: You are partially covered in yellow
                  | scales. (AC +2) [mutagenic glow]
 78408 | Zot:5    | Noticed an ancient lich
 78411 | Zot:5    | Killed an ancient lich
 78524 | Zot:5    | Noticed an ancient lich
 78528 | Zot:5    | Killed an ancient lich
 78537 | Zot:5    | Noticed an ancient lich
 78540 | Zot:5    | Killed an ancient lich
 78552 | Zot:5    | Noticed an orb of fire
 78560 | Zot:5    | Gained mutation: You are clumsy. (Dex -2) [an orb of fire]
 78563 | Zot:5    | Killed an orb of fire
 79023 | Zot:5    | Noticed an ancient lich
 79025 | Zot:5    | Killed an ancient lich
 79516 | Zot:5    | Cast into level 5 of the Abyss (a Zot trap)
 79516 | Abyss:5  | Entered Level 5 of the Abyss
 79544 | Zot:5    | Escaped the Abyss
 79903 | Pan      | Entered Pandemonium
 79903 | Pan      | Found an exit through the horrors of the Abyss.
 79961 | Pan      | Found an exit through the horrors of the Abyss.
 80100 | Pan      | Noticed Tumi the pandemonium lord
 80250 | Pan      | Found a runed translucent door.
 80256 | Pan      | Killed Tumi the pandemonium lord
 80273 | Pan      | Got a demonic rune of Zot
 80326 | Pan      | Entered the realm of Mnoleg.
 80362 | Pan      | Gained mutation: You are strong. (Str +2) [a neqoxec]
 80454 | Pan      | Noticed Mnoleg
 80455 | Pan      | Identified the +3 sling "Punk" {holy, rCorr} (the +3 sling
                  | "Punk" {acid, rCorr} blessed by the Shining One)
 80455 | Pan      | Received a gift from the Shining One
 80456 | Pan      | Gained mutation: You are very clumsy. (Dex -4) [a neqoxec]
 80471 | Pan      | Gained mutation: You are very dopey. (Int -4) [a neqoxec]
 80492 | Pan      | Killed Mnoleg
 80492 | Pan      | Reached skill level 15 in Dodging
 80498 | Pan      | Gained mutation: You are robust. (+10% HP) [a neqoxec]
 80500 | Pan      | Lost intelligence.
 80538 | Pan      | Noticed Mennas
 80549 | Pan      | Killed Mennas
 80799 | Pan      | Lost mutation: You are strong. (Str +2) [potion of
                  | mutation]
 80800 | Pan      | Lost mutation: You are robust. (+10% HP) [potion of
                  | mutation]
 80800 | Pan      | Lost mutation: Your skin changes colour to match your
                  | surroundings (Stealth+). [potion of mutation]
 80801 | Pan      | Gained mutation: You heal very quickly. [potion of
                  | mutation]
 80940 | Pan      | Identified the +6 buckler "Jamad" {rF- rN+ MR++ rCorr
                  | Int-3}
 80949 | Pan      | Got a glowing rune of Zot
 80995 | Pan      | Gained mutation: Your magical capacity is low. (-10% MP)
                  | [magical radiation]
 80998 | Pan      | Gained mutation: Your body sometimes deteriorates upon
                  | taking damage. [magical radiation]
 81006 | Pan      | Lost intelligence.
 81343 | Pan      | Found an exit through the horrors of the Abyss.
 81547 | Pan      | Noticed Unackok the pandemonium lord
 81555 | Pan      | Killed Unackok the pandemonium lord
 81665 | Pan      | Identified the cursed ring "Ciuriut" {MP+9 Int+3, (Curse:
                  | Fragile MR-)}
 81729 | Pan      | Noticed Dischu Loduor the pandemonium lord
 81741 | Pan      | Killed Dischu Loduor the pandemonium lord
 81754 | Pan      | Identified the cursed +5 scutum "Fiequlut" {rElec MP-9
                  | Int+4 Dex+6, (Curse: *Tele rC-)}
 81780 | Pan      | Identified the cursed +8 buckler of the Evening {+Inv rF-
                  | rN+, (Curse: Fragile)}
 81869 | Pan      | Identified the cursed amulet of the Eagle {Faith rF- MR++
                  | Dex+3 Stlth+, (Curse: Fragile)}
 81930 | Pan      | Found a white marble altar of Elyvilon.
 81931 | Pan      | Identified the +0 buckler of Tempters {Dex+4}
 82018 | Pan      | Gained mutation: You are frail. (-10% HP) [potion of
                  | mutation]
 82018 | Pan      | Lost mutation: You have supernaturally acute eyesight.
                  | (+Vis) [potion of mutation]
 82166 | Pan      | Entered the realm of Cerebov.
 82226 | Pan      | Found the +6 sword of Cerebov {molten}
 82226 | Pan      | Noticed Cerebov
 82259 | Pan      | Killed Cerebov
 82279 | Pan      | Identified the +2 mace of the Unspeakable One {molten,
                  | rElec Str+10 Int-5 Dex-5}
 82279 | Pan      | Identified the cursed +7 great mace "Cuidusak" {freeze,
                  | rPois, (Curse: rF- rC-)}
 82279 | Pan      | Identified the cursed ring "Uce Gos" {*Tele *Corrode MR+
                  | Str+6 Int+4, (Curse: *Slow Slay-2)}
 82349 | Pan      | Identified the Catalogue of the Volcanoes
 82367 | Pan      | Identified the Grimoire of the Blaze
 82380 | Pan      | Identified the +0 plate armour of Dice, Bag, and Bottle
                  | {rN+}
 82380 | Pan      | Identified the +7 mace of Kiliar {elec, rElec rC+ Dex-3}
 82380 | Pan      | Identified the +0 scale mail of Dogmatism {rElec MR+}
 82409 | Pan      | Got a fiery rune of Zot
 82585 | Pan      | Found a transporter.
 82652 | Pan      | Found an exit through the horrors of the Abyss.
 82862 | Pan      | Lost mutation: Your body sometimes deteriorates upon taking
                  | damage. [potion of mutation]
 82862 | Pan      | Lost mutation: You are frail. (-10% HP) [potion of
                  | mutation]
 82862 | Pan      | Lost mutation: Your magical capacity is low. (-10% MP)
                  | [potion of mutation]
 82862 | Pan      | Lost mutation: You are very clumsy. (Dex -4) [potion of
                  | mutation]
 82862 | Pan      | Lost mutation: You are very dopey. (Int -4) [potion of
                  | mutation]
 82862 | Pan      | Lost mutation: You are dopey. (Int -2) [potion of mutation]
 82895 | Pan      | Entered the realm of Gloorx Vloq.
 82947 | Pan      | Noticed Gloorx Vloq
 82962 | Pan      | Killed Gloorx Vloq
 82983 | Pan      | Got a dark rune of Zot
 83082 | Pan      | Entered the realm of Lom Lobon.
 83082 | Pan      | Noticed Lom Lobon
 83102 | Pan      | Killed Lom Lobon
 83129 | Pan      | Got a magical rune of Zot
 83143 | Pan      | Found an exit through the horrors of the Abyss.
 83148 | Pan      | Took an exit into the Abyss.
 83148 | Abyss:1  | Escaped into the Abyss
 83175 | Depths:3 | Escaped the Abyss
 83448 | Tomb:1   | Entered Level 1 of the Tomb of the Ancients
 83465 | Tomb:1   | Identified the cursed ring "Woinen" {*Contam EV+5 Str+4
                  | Int+2 Slay+5, (Curse: *Drain Fragile)}
 84852 | Tomb:2   | Noticed Khufu
 84909 | Tomb:2   | Killed Khufu
 84994 | Tomb:3   | Entered Level 3 of the Tomb of the Ancients
 85002 | Tomb:3   | Identified the cursed ring "Jyddeq" {MR++ MP-9 Dex+5,
                  | (Curse: rF-)}
 85003 | Tomb:3   | Identified the cursed ring of Morality {rPois rN+ Str+3
                  | Dex+2, (Curse: Fragile)}
 85017 | Tomb:3   | Got a golden rune of Zot
 85696 | Zot:5    | Got the Orb of Zot
 86166 | D:$      | Escaped with the Orb!

Levels and vault maps discovered:
D:1:      mrwooster_arrival_statue, layout_basic, serial_forest,
          infiniplex_forest_zigzag_1, infiniplex_forest_lined_1,
          infiniplex_forest_lined_ring, infiniplex_forest_lined_ring,
          infiniplex_forest_corner_2, infiniplex_forest_fountain,
          infiniplex_forest_corner_2, gup_sewer_entry_pipe
D:2:      layout_sewer, corexii_shack
D:3:      layout_basic, first_ration
D:4:      layout_rooms, kennysheep_mini_moat, minmay_temple_entry_fiery
D:5:      layout_rooms, gammafunk_temple_overflow_claw, david_lair_shrubbed
D:6:      layout_rooms, orc_0_dummy, the_bakery
D:7:      layout_basic, david_vaults_2, serial_shops, nicolae_shop_waterfront,
          shop_scrolls, nicolae_shop_crystal, nicolae_shop_stone, basic_altar,
          dk_noncrumbling_2
D:8:      hangedman_depths_entry_civil_slaughter, layout_basic,
          nicolae_overflow_hidden_temple, lemuel_crystal_altar,
          portal_ice_cave_entry_pillars_1
Temple:   nicolae_temple_elliptical
Lair:1:   layout_chaotic_city, gup_ossuary_entry_pyramid, ossuary_tomb_1
Lair:2:   layout_cave_pods, gammafunk_ghost_icy, enter_volcano_4,
          serial_bayou_pond_c
Lair:3:   layout_small_grid, minmay_snake_entry_guardpost_large
Lair:4:   layout_long_grid, palyth_hydra_swamp_entry, minmay_lair_oklob_chamber
Lair:5:   layout_long_grid, slime_altar_2, ebering_ghost_rock_garden,
          serial_bayou_shore_a
Lair:6:   hangedman_lair_tendril_chambers, layout_gridlike,
          hangedman_lair_caniforms_friends, st_stairs_6,
          nicolae_lair_grove_arrangements
Swamp:1:  layout_basic_swamp, evilmike_swamp_ruin_house_3
Swamp:2:  layout_basic_swamp, ebering_ghost_rock_garden, hangedman_swamp_lotus,
          uniq_nikola
Swamp:3:  gammafunk_its_a_trap, layout_basic_swamp, hangedman_swamp_ruin_wall,
          uniq_circe
Swamp:4:  swamp_vile, layout_basic_swamp
Snake:1:  layout_layer_cave
Snake:2:  layout_grid_maze, minmay_shoptagon, uniq_roxanne
Snake:3:  minmay_snake_river, layout_cave_town, basic_altar
Snake:4:  snake_pit, layout_cave_town, nicolae_alphabet_shops, uniq_bai_suzhen,
          uniq_aizul, uniq_vashnia
Slime:1:  layout_caves, basic_altar, nicolae_slime_barrier
Slime:2:  layout_caves
Slime:3:  layout_caves, nicolae_slime_ancient_tower_intersection
Slime:4:  layout_regular_city, cheibrodos_slime_lost_civilization_6
Slime:5
Orc:1:    layout_caves, serial_shops, shop, shop, nicolae_shop_behind_doors,
          nicolae_orc_rockfall, nicolae_orc_lava_room, uniq_snorg, uniq_nergalle
Orc:2:    grunt_orc_tribal_feast, layout_diamond_mine, serial_shops,
          nicolae_shop_window_shopping, shop
Elf:1:    eino_elf_arrival_altar, layout_rooms, serial_shops, shop,
          minmay_elf_annihilation, uniq_donald, uniq_asterion, uniq_louise
Elf:2:    layout_geoelf_octagon, drop_trap, nicolae_alphabet_shops,
          lemuel_flamethrower_3, basic_stair_grate_trap
Elf:3:    minmay_elf_hall, layout_rooms, nicolae_trove_entry_crossroad,
          serial_shops, nicolae_shop_stone
Vaults:1: ebering_vaults_ghost_xom, nicolae_vaults_network_quinsquares
          [nicolae_vaults_network_quincunx_subvault,
          nicolae_vaults_network_quincunx_subvault,
          nicolae_vaults_network_quincunx_subvault,
          nicolae_vaults_network_quincunx_subvault], nicolae_vaults_triangles,
          vaults_dpeg_ring, vaults_dpeg_doors, nicolae_vaults_mini_display_case,
          v_misc_26, ontoclasm_vaults_gateway, nicolae_vaults_rhombus_5,
          ontoclasm_vaults_eye, vaults_room_semicircle,
          nicolae_vaults_little_squares_1, layout_vaults_big_room
Vaults:2: hangedman_vaults_snaps, minmay_crypt_entry_necro_gods, v_misc_12,
          nicolae_vaults_circle_grid_b, hangedman_vaults_corner_blocks,
          ontoclasm_vaults_ligature, vaults_dpeg_hooks, layout_vaults_omnigrid,
          mu_enter_wizlab_4, serial_shops, shop
Vaults:3: v_pattern_1, nicolae_vaults_holding_cells, ontoclasm_vaults_chip,
          nicolae_vaults_windows_and_doors_thing, dpeg_vaults_monster_box,
          v_misc_9, ontoclasm_vaults_ring_large, v_misc_22, grunt_vaults_twisty,
          serial_ice_h, nicolae_vaults_little_squares_4,
          nicolae_vaults_little_squares_5, v_misc_23, layout_vaults_maze_bifur,
          basic_altar
Vaults:4: nicolae_vaults_little_squares_4, v_misc_13, vaults_room_grid,
          v_alt_pattern_6, hangedman_vaults_impose, layout_vaults_omnicross
Vaults:5: serial_shops, uniq_frederick, uniq_saint_roka
Crypt:1:  layout_chaotic_city, st_stairs_13, grunt_crypt_arrival_guarded_gate
Crypt:2:  layout_chaotic_city, st_vampire_maze
Crypt:3:  lightli_unholy_cathedral, layout_chaotic_city,
          nicolae_tomb_entry_unfolded_pyramid_orthogonal,
          lemuel_mausoleum_altar_kikubaaqudgha
Tomb:1
Tomb:2:   uniq_khufu
Tomb:3
Depths:1: lemuel_traditional_vault, layout_long_grid, enter_ziggurat_a,
          hell_entry, minmay_misc_feat_plants, serial_shops,
          nicolae_shop_behind_doors, nicolae_shop_window_shopping,
          minmay_room_of_horrors, hangedman_decor_peaks_small,
          minmay_misc_feat_enclosed, drop_trap, tgw_lugonu_bribe
Depths:2: gammafunk_depths_water_palace, layout_gridlike,
          minmay_misc_feat_doors, lightli_too_deep
Depths:3: grunt_bruiser_brothers, layout_cross, nrook_mini_vaults, hell_entry,
          abyss_entry_small_statue_room, grunt_pan_entry_zigzag,
          minmay_pinched_square
Depths:4: minmay_outward_triangles, layout_long_grid, pf_coc_iceberg,
          ebering_dispersal_statue_hall, abyss_entry, grunt_decor_mini_mirrors
Depths:5: hangedman_spin_cycle, hell_entry, uniq_sojobo
Hell
Dis:1:    layout_jigsaw
Dis:2:    layout_jigsaw
Dis:3:    layout_gridville, nrook_loot_triangle
Dis:4:    layout_subdivisions
Dis:5:    layout_overlapping_boxes
Dis:6:    layout_jigsaw
Dis:7:    dis_hangedman
Geh:1:    layout_gehenna_pools_basic
Geh:2:    layout_gehenna_pools_box
Geh:3:    layout_gehenna_pools_triple, lemuel_flamethrower_2
Geh:4:    layout_gehenna_pools_basic
Geh:5:    layout_gehenna_pools_basic, lemuel_old_faithful
Geh:6:    layout_gehenna_lava_caves
Geh:7:    geh_old
Coc:1:    layout_ice_bergs
Coc:2:    layout_ice_bergs
Coc:3:    grunt_deathspiral_small, layout_cocytus_water_paths
Coc:4:    layout_ice_bergs
Coc:6:    layout_ice_bergs
Coc:7:    coc_grunt
Tar:1:    layout_grid_maze
Tar:2:    layout_grid_maze
Tar:3:    layout_honeycomb
Tar:4:    layout_honeycomb, nicolae_tar_cuneiform_to_be
Tar:6:    layout_cathedral_of_symmetry
Tar:7:    tar_mu [tar_mu_maze]
Zot:1:    layout_basic
Zot:2:    layout_onion_interference, grunt_ministairs_7, basic_stair_grate_trap,
          grunt_megastairs_2
Zot:3:    layout_twisted_circle
Zot:4:    ebering_greatest_show_in_zot, layout_onion_interference
Zot:5:    layout_gridlike

Skill      XL: |  1  2  3  4  5  6  7  8  9 10 11 12 13 14 15 16 17 18 19 20 21 22 23 24 25 26 27 |
---------------+----------------------------------------------------------------------------------+-----
Unarmed Combat | 1 2 3 4 5 7 8 9 10 11 12 13 14 15 16 22 | 22.7
Fighting       | 2 3 4 5 6 7 8 9 10 11 12 13 14 15 16 17 18 22 | 22.9
Evocations     | 1 2 3 5 6 7 8 9 10 11 | 11.3
Shields        | 1 2 3 5 6 7 12 | 12.4
Slings         | 5 8 9 13 14 16 17 18 19 20 22 23 27 | 27.0
Dodging        | 2 3 5 6 7 8 9 10 11 12 13 15 | 15.6
Invocations    | 1 3 5 7 8 9 10 11 13 14 15 16 18 26 | 26.1
Armour         | 1 4 6 7 9 10 11 12 14 | 14.7
Stealth        | |  0.3

Action                   |  1- 3 |  4- 6 |  7- 9 | 10-12 | 13-15 | 16-18 | 19-21 | 22-24 | 25-27 || total
-------------------------+-------+-------+-------+-------+-------+-------+-------+-------+-------++-------
Melee: Unarmed           |    57 |   209 |   197 |   248 |   543 |   619 |   689 |   963 |  2378 ||  5903
       Targe             |    53 |    59 |    83 |    64 |       |       |       |       |       ||   259
       Kick              |     1 |    16 |    22 |    58 |   166 |   270 |   352 |   548 |  1224 ||  2657
       Short sword       |       |    12 |       |       |       |       |       |       |       ||    12
       Headbutt          |       |       |       |       |       |    87 |    11 |       |       ||    98
       Tentacle Spike    |       |       |       |       |       |     6 |       |       |       ||     6
       Peck              |       |       |       |       |       |       |       |       |   343 ||   343
 Fire: Fustibalus        |       |    54 |   141 |    57 |   538 |  1004 |  1187 |   853 |  2787 ||  6621
       Mangonel          |       |       |       |   135 |   303 |    21 |       |   147 |    70 ||   676
Throw: Rusty metal       |       |       |     1 |     3 |       |       |     1 |     5 |     2 ||    12
       Stone             |       |       |     2 |       |       |       |       |     2 |     2 ||     6
       Bone              |       |       |     1 |     2 |     1 |     1 |     1 |     5 |     1 ||    12
       Skull             |       |       |       |       |     1 |       |     1 |     4 |     2 ||     8
       Gold ore          |       |       |       |       |     1 |       |       |       |       ||     1
       Gnarled root      |       |       |       |       |       |     1 |       |       |       ||     1
       Ball of ooze      |       |       |       |       |       |       |       |     2 |       ||     2
       Ball of bandages  |       |       |       |       |       |       |       |       |     1 ||     1
Invok: Heroism           |       |       |     1 |     8 |    17 |    25 |    12 |    22 |       ||    85
       Finesse           |       |       |       |     1 |     1 |     5 |     5 |     8 |       ||    20
       Recite            |       |       |       |       |       |       |       |     1 |    20 ||    21
       Donate Gold       |       |       |       |       |       |       |       |     1 |     5 ||     6
       Vitalisation      |       |       |       |       |       |       |       |       |    16 ||    16
       Cleansing Flame   |       |       |       |       |       |       |       |       |   107 ||   107
       Divine Shield     |       |       |       |       |       |       |       |       |    24 ||    24
       Summon Divine War |       |       |       |       |       |       |       |       |    16 ||    16
       Brand Weapon With |       |       |       |       |       |       |       |       |     1 ||     1
 Abil: Evoke Blink       |       |       |       |       |     2 |     2 |     3 |       |       ||     7
       Blink             |       |       |       |       |       |       |       |       |     7 ||     7
Evoke: Wand              |       |       |       |       |     4 |    18 |     7 |    22 |    22 ||    73
       Sack of spiders   |       |       |       |       |     1 |       |       |       |     1 ||     2
       Lamp of fire      |       |       |       |       |       |       |     2 |     4 |     1 ||     7
       Box of beasts     |       |       |       |       |       |       |       |     1 |       ||     1
  Use: Scroll            |       |       |       |     1 |     8 |     6 |     8 |    29 |    55 ||   107
       Potion            |       |       |       |       |       |    23 |     6 |    14 |    87 ||   130
 Stab: Sleeping          |       |       |       |     2 |     1 |       |       |       |       ||     3
       Distracted        |       |       |       |       |       |       |       |     1 |       ||     1
       Confused          |       |       |       |       |       |       |       |       |    12 ||    12
       Paralysed         |       |       |       |       |       |       |       |       |     1 ||     1
       Held in net/web   |       |       |       |       |       |       |       |       |     1 ||     1
  Eat: Chunk             |     9 |     8 |    28 |    40 |    68 |    78 |    81 |    52 |   141 ||   505
       Ration            |       |       |       |       |     3 |       |       |     7 |    26 ||    36
Armor: Robe              |    80 |   117 |    78 |    12 |       |       |       |       |       ||   287
       Acid dragon scale |       |       |       |    69 |   142 |       |       |       |       ||   211
       Skin              |       |       |       |       |     3 |       |       |       |       ||     3
       Storm dragon scal |       |       |       |       |    10 |   337 |   282 |     5 |       ||   634
       Gold dragon scale |       |       |       |       |       |       |       |   318 |  1620 ||  1938
Dodge: Dodged            |     7 |    32 |    61 |    79 |   193 |   148 |   125 |   229 |   515 ||  1389
Block: Targe             |    12 |    17 |    27 |    12 |       |       |       |       |       ||    68
       Scutum            |       |       |       |    37 |   250 |   302 |   387 |   761 |  3295 ||  5032
       Other             |       |       |       |       |       |       |       |     5 |     6 ||    11
       Reflection        |       |       |       |       |       |       |       |       |   173 ||   173
